 Dungeon Crawl Stone Soup version 0.27-a0-328-g7f782ed93a (webtiles) character file.

Game seed: 9256989253994381450

11277182 Sar the Demonic Aeon (level 27, 273/273 HPs)
             Began as a Demonspawn Delver on Feb 9, 2021.
             Was the Champion of Cheibriados.
             Escaped with the Orb
             ... and 15 runes on Feb 11, 2021!
             The game lasted 06:30:37 (151871 turns).

Sar the Demonic Aeon (Demonspawn Delver)          Turns: 151871, Time: 06:30:37

Health: 273/273    AC: 67    Str: 47    XL:     27
Magic:  61/69      EV: 52    Int: 42    God:    Cheibriados [******]
Gold:   16011      SH: 40    Dex: 33    Spells: 6/80 levels left

rFire    + + +     SeeInvis .   a - +10 morningstar "Eos" {elec, Halo rElec}
rCold    + + +     Faith    .   u - +8 tower shield {rC+}
rNeg     + + +     Spirit   .   v - +14 crystal plate armour
rPois    ∞         Reflect  .   N - +3 hat of Pondering {ponderous, Will+ MP+10 Int+5}
rElec    +         Harm     .   Q - +0 cloak "Cotsin" {+Blink rF+ Str+4}
rCorr    +         Rampage  .   o - -1 pair of gloves of Indecent Exposure {rPois Regen+ Str+5}
Will     +++++                  (boots unavailable)
Stlth    ..........             z - amulet "Oguim" {rElec Regen+ Str+4 Dex+3}
HPRegen  1.35/turn              Z - ring "Vuboskei" {*Contam rF+ AC+4 Str+6}
MPRegen  0.41/turn              S - ring of the Hare {EV+8}

@: mighty, brilliant, lich-form, resistant, tornado, flying, very slightly
contaminated, glowing, studying 6 skills, invisible (but backlit and visible),
very slow
A: hooves 3, iridescent scales 3, clumsy 1, high mp 1, strong-willed 1, negative
energy resistance 1, robust 1, spiny 3, 50% torment resistance, black mark,
demonic magic 3
0: Orb of Zot
}: 15/15 runes: decaying, slimy, silver, golden, iron, obsidian, icy, bone,
abyssal, demonic, glowing, magical, fiery, dark, gossamer
a: End Transformation, Renounce Religion, Evoke Blink, Bend Time, Temporal
Distortion, Slouch, Step From Time


You escaped.
You worshipped Cheibriados.
Cheibriados was exalted by your worship.
You were a lich.
You visited 18 branches of the dungeon, and saw 90 of its levels.
You visited Pandemonium 1 time, and saw 29 of its levels.
You visited the Abyss 2 times.
You visited 1 bazaar.
You completed 2 ziggurats, and saw 54 of their levels.
You also visited: Gauntlet.

You collected 28982 gold pieces.
You spent 12971 gold pieces at shops.


Innate Abilities, Weirdness & Mutations

You have hooves in place of feet.
You are completely covered in iridescent scales. (AC +6)
You resist negative energy. (rN+)
You are completely covered in sharp spines.
You are somewhat able to resist unholy torments (1 in 2 success).
Your melee attacks may debilitate your foes.
Spells you cast and wands you use may paralyse nearby enemies.
You are clumsy. (Dex -2)
You have an increased reservoir of magic. (+10% MP)
You are strong-willed. (Will+)
You are robust. (+10% HP)


   Skills:
 O Level 27 Fighting
 - Level 1.7 Long Blades
 - Level 16.0 Maces & Flails
 - Level 14.0 Throwing
 O Level 27 Armour
 O Level 27 Dodging
 - Level 11.0 Stealth
 - Level 25.3 Shields
 O Level 27 Spellcasting
 - Level 10.0 Hexes
 + Level 26.0 Necromancy
 - Level 14.0 Transmutations
 - Level 26.0 Ice Magic
 - Level 26.0 Air Magic
 - Level 20.0 Earth Magic
 O Level 27 Invocations
 - Level 19.3 Evocations


You had 6 spell levels left.
You knew the following spells:

 Your Spells              Type           Power        Failure   Level
b - Blink                 Tloc           N/A          1%          2
e - Apportation           Tloc           100%         1%          1
j - Invisibility          Hex            100%         1%          6
n - Sublimation of Blood  Necr           93%          0%          2
u - Shatter               Erth           73%          22%         9
x - Airstrike             Air            80%          0%          4
y - Absolute Zero         Ice            80%          1%          9
C - Ozocubu's Refrigerat  Ice            80%          0%          7
J - Death's Door          Necr           93%          1%          9
L - Borgnjor's Revivific  Necr           93%          1%          8
M - Necromutation         Tmut/Necr      86%          1%          8
V - Tornado               Air            80%          1%          9

Your spell library contained the following spells:

 Spells                   Type           Power        Failure   Level
 Animate Skeleton         Necr           100%         0%          1
 Beastly Appendage        Tmut           100%         0%          1
 Corona                   Hex            100%         0%          1
 Freeze                   Ice            100%         0%          1
 Pain                     Necr           100%         0%          1
 Sandblast                Erth           100%         0%          1
 Shock                    Conj/Air       100%         0%          1
 Corpse Rot               Necr/Air       N/A          0%          2
 Ensorcelled Hibernation  Hex/Ice        100%         0%          2
 Passwall                 Tmut/Erth      100%         0%          2
 Poisonous Vapours        Pois/Air       100%         0%          2
 Swiftness                Air            100%         0%          2
 Wereblood                Tmut           100%         0%          2
 Frozen Ramparts          Ice            100%         0%          3
 Ozocubu's Armour         Ice            100%         0%          3
 Static Discharge         Conj/Air       100%         0%          3
 Vampiric Draining        Necr           93%          0%          3
 Animate Dead             Necr           93%          0%          4
 Dispel Undead            Necr           100%         0%          4
 Ice Form                 Ice/Tmut       100%         0%          4
 Leda's Liquefaction      Hex/Erth       67%          0%          4
 Petrify                  Tmut/Erth      100%         0%          4
 Agony                    Necr           100%         0%          5
 Borgnjor's Vile Clutch   Necr/Erth      90%          0%          5
 Excruciating Wounds      Necr           93%          0%          5
 Lee's Rapid Deconstruct  Erth           73%          0%          5
 Metabolic Englaciation   Hex/Ice        71%          0%          5
 Silence                  Hex/Air        71%          0%          5
 Death Channel            Necr           93%          0%          6
 Simulacrum               Ice/Necr       93%          0%          6
 Foxfire                  Conj/Fire      100%         1%          1
 Magic Dart               Conj           100%         1%          1
 Sting                    Tmut/Pois      100%         1%          1
 Summon Small Mammal      Summ           100%         1%          1
 Call Imp                 Summ           71%          1%          2
 Searing Ray              Conj           100%         1%          2
 Slow                     Hex            100%         1%          2
 Confusing Touch          Hex            100%         1%          3
 Dazzling Flash           Conj/Hex       100%         1%          3
 Ignite Poison            Fire/Tmut/Pois 97%          1%          3
 Inner Flame              Hex/Fire       99%          1%          3
 Mephitic Cloud           Conj/Pois/Air  100%         1%          3
 Portal Projectile        Hex/Tloc       100%         1%          3
 Spider Form              Tmut/Pois      53%          1%          3
 Stone Arrow              Conj/Erth      100%         1%          3
 Summon Guardian Golem    Hex/Summ       99%          1%          3
 Tukima's Dance           Hex            100%         1%          3
 Animate Armour           Summ/Erth      100%         1%          4
 Cause Fear               Hex            59%          1%          4
 Fulminant Prism          Conj/Hex       49%          1%          4
 Hailstorm                Conj/Ice       100%         1%          4
 Summon Ice Beast         Ice/Summ       100%         1%          4
 Summon Lightning Spire   Summ/Air       100%         1%          4
 Alistair's Intoxication  Tmut/Pois      71%          1%          5
 Blade Hands              Tmut           65%          1%          5
 Bolt of Magma            Conj/Fire/Erth 53%          1%          5
 Irradiate                Conj/Tmut      53%          1%          5
 Lightning Bolt           Conj/Air       64%          1%          5
 Yara's Violent Unravell  Hex/Tmut       62%          1%          5
 Conjure Ball Lightning   Conj/Air       64%          1%          6
 Freezing Cloud           Conj/Ice/Air   70%          1%          6
 Hydra Form               Tmut           65%          1%          6
 Iron Shot                Conj/Erth      59%          1%          6
 Statue Form              Tmut/Erth      93%          1%          6
 Call Canine Familiar     Summ           71%          2%          3
 Conjure Flame            Conj/Fire      71%          2%          3
 Gell's Gravitas          Tloc           35%          2%          3
 Lesser Beckoning         Tloc           35%          2%          3
 Teleport Other           Tloc           71%          2%          3
 Summon Mana Viper        Hex/Summ       99%          2%          5
 Eringya's Noxious Bog    Tmut/Pois      53%          7%          6
 Iskenderun's Mystic Bla  Conj/Tloc      71%          8%          4
 Olgreb's Toxic Radiance  Pois           71%          8%          4
 Passage of Golubria      Tloc           N/A          8%          4
 Sticky Flame             Conj/Fire      71%          8%          4
 Fireball                 Conj/Fire      35%          22%         5
 Iskenderun's Battlesphe  Conj           71%          22%         5
 Summon Forest            Summ/Tloc      35%          22%         5
 Dispersal                Tloc           35%          77%         6
 Shadow Creatures         Summ           N/A          77%         6
 Starburst                Conj/Fire      35%          77%         6
 Infestation              Necr           93%          1%          8
 Dragon Form              Tmut           65%          2%          7
 Haunt                    Necr/Summ      77%          3%          7
 Chain Lightning          Conj/Air       64%          26%         8
 Discord                  Hex            59%          65%         8
 Lehudib's Crystal Spear  Conj/Erth      59%          65%         8
 Malign Gateway           Summ/Tloc      35%          100%        7
 Monstrous Menagerie      Summ           35%          100%        7
 Orb of Destruction       Conj           35%          100%        7
 Spellforged Servitor     Conj/Summ      35%          100%        7
 Summon Hydra             Summ           35%          100%        7
 Disjunction              Tloc           35%          100%        8
 Ignition                 Fire           35%          100%        8
 Summon Horrible Things   Summ           35%          100%        8
 Dragon's Call            Summ           35%          100%        9
 Fire Storm               Conj/Fire      35%          100%        9

Inventory:

Hand Weapons
 a - the +10 morningstar "Eos" (weapon) {elec, Halo rElec} Occasionally, upon striking a foe, it can discharge electrical energy and cause terrible harm. It insulates you from electricity.
 b - the +8 autumn katana {vorpal, Clar}

   It inflicts extra damage upon your enemies.
   It protects you against confusion.
Missiles
 x - 15 throwing nets {=f}
 P - 253 silver javelins (quivered)
Armour
 o - the -1 pair of gloves of Indecent Exposure (worn) {rPois Regen+ Str+5}

   It affects your strength (+5).
   It protects you from poison.
   It increases your rate of regeneration.
 u - a +8 tower shield of cold resistance (worn)
 v - a +14 crystal plate armour (worn)
 G - the +9 scales of the Dragon King {rPois rF+ rC+ Will+}

   It protects you from fire.
   It protects you from cold.
   It protects you from poison.
   It affects your willpower, your defense against some magical effects.
 J - the +2 robe of Vines {NoPotionHeal Regen+7}

   It increases your rate of regeneration.
 N - the +3 hat of Pondering (worn) {ponderous, Will+ MP+10 Int+5}

   It affects your intelligence (+5).
   It affects your willpower, your defense against some magical effects.
   It affects your magic capacity (+10).
 Q - the +0 cloak "Cotsin" (worn) {+Blink rF+ Str+4}

   It affects your strength (+4).
   It protects you from fire.
   It lets you blink.
Jewellery
 z - the amulet "Oguim" (around neck) {rElec Regen+ Str+4 Dex+3}

   [amulet of regeneration]

   It affects your strength (+4).
   It affects your dexterity (+3).
   It insulates you from electricity.
   It increases your rate of regeneration.
 B - the ring of the Mage {Wiz Will++ Int+3}

   [ring of wizardry]

   It improves your spell success rate.
   It affects your intelligence (+3).
   It affects your willpower, your defense against some magical effects.
 I - the amulet "Jiklonal" {RegenMP Will++ Str+7 Stlth-}

   [amulet of magic regeneration]

   It increases your magic regeneration.
   It affects your strength (+7).
   It affects your willpower, your defense against some magical effects.
   It makes you less stealthy.
 O - the ring "Havaudetosk" {rF+ Will+ MP+9 EV+4 Str+4}

   [ring of evasion]

   It affects your evasion (+4).
   It affects your strength (+4).
   It protects you from fire.
   It affects your willpower, your defense against some magical effects.
   It affects your magic capacity (+9).
 S - the ring of the Hare (right hand) {EV+8}

   [ring of evasion]

   It affects your evasion (+8).
 Z - the ring "Vuboskei" (left hand) {*Contam rF+ AC+4 Str+6}

   [ring of protection]

   It affects your AC (+4).
   It affects your strength (+6).
   It protects you from fire.
   It causes magical contamination when unequipped.
Wands
 k - a wand of digging (19)
 F - a wand of iceblast (113)
 T - a wand of acid (36)
Scrolls
 c - 32 scrolls of fog
 d - 29 scrolls of magic mapping
 e - 7 scrolls of enchant armour
 j - 60 scrolls of removedness
 y - 8 scrolls of immolation {!r}
 D - 46 scrolls of identify {@r1}
 E - 17 scrolls of blinking
 L - 5 scrolls of summoning
 W - 65 scrolls of teleportation {@r4}
Potions
 f - 24 potions of haste {@q3}
 g - 16 potions of cancellation
 h - 10 potions of might
 i - 4 potions of magic
 l - 19 potions of lignification {!q}
 n - 32 potions of curing {@q1}
 p - a potion of resistance
 q - 8 potions of invisibility
 s - 14 potions of attraction {!q}
 t - 17 potions of flight
 C - 19 potions of heal wounds {@q2}
 H - 10 potions of ambrosia
 V - 35 potions of mutation {!q}
 X - 10 potions of brilliance
Miscellaneous
 m - a condenser vane
 r - a box of beasts
 w - 2 +2 figurines of a ziggurat
 A - a phantom mirror

Dungeon Overview and Level Annotations

Branches:
Dungeon (15/15)            Temple (1/1) D:5            Lair (6/6) D:9
  Swamp (4/4) Lair:3       Spider (4/4) Lair:2        Slime (5/5) Lair:6
    Orc (2/2) D:9             Elf (3/3) Orc:2        Vaults (5/5) D:14
  Crypt (3/3) Vaults:2       Tomb (3/3) Crypt:3      Depths (5/5) D:15
   Hell (visited)             Dis (7/7) Hell            Geh (7/7) Hell
    Coc (7/7) Hell            Tar (7/7) Hell            Zot (5/5) Depths:5
Gauntlet (visited)

Altars:
Ashenzari
Cheibriados
Dithmenos
Elyvilon
Fedhas
Gozag
Hepliaklqana
Kikubaaqudgha
Makhleb
Nemelex Xobeh
Okawaru
Qazlal
Ru
Sif Muna
Trog
Uskayaw
Vehumet
Wu Jian
Xom
Yredelemnul
Zin
The Shining One
Beogh
Jiyva

Shops:
D:6 *   D:10 ?   D:12 [   Orc:2 (=[*   Vaults:5 !?   Depths:1 [**
Depths:2 :=:   Depths:4 [

Portals:
Hell: Depths:1 Depths:2 Depths:3 Depths:4 Depths:5
Abyss: Depths:1 Depths:4
Pandemonium: Depths:2 Depths:3

▒▒.▒ ▒▒.▒▒.▒▒▒▒▒▒.▒
▒..▒ ▒......▒▒....▒
▒.▒▒ ▒...▒.▒▒.....▒
▒.▒ ▒▒▒.▒▒▒▒..▒▒▒▒ ▒.▒
▒...▒ ▒..▒ ▒.▒ ▒▒▒'▒▒▒
▒..▒ ▒.▒ ▒..▒▒ ▒..▒
▒.▒ ▒▒▒+▒+▒▒▒ ▒..▒ ▒.▒
▒L#.▒...▒▒▒▒..▒▒▒ ▒.▒
▒▒▒+▒+▒.........▒
▒.▒▒▒▒▒▒..▒▒..▒▒▒..▒.▒
▒......▒▒▒'▒.......▒.▒
▒▒▒▒▒▒▒▒ ▒....▒▒▒▒.▒.▒
▒▒▒.▒▒ ▒▒.▒.▒▒
▒.▒▒▒▒▒......
▒...........▒
▒▒▒▒▒▒▒).....


There were no monsters in sight!


Message History

There is an open door here!
There is a staircase leading out of the dungeon here!
Use which ability? (? or * to list)
You feel yourself come back to life!
Which direction?
You close the door!
Which direction?
You close the door!
There is a staircase leading out of the dungeon here!
You feel clever all of a sudden!
You feel very buoyant!
You fly up into the air!
The +10 morningstar "Eos" {elec, Halo rElec} stops crackling!
b - the +8 autumn katana (weapon)
{vorpal, Clar} You fade into invisibility!!!
You are very lightly contaminated with residual magic!
You hear the crackle of electricity!
a - the +10 morningstar "Eos" (weapon)
{elec, Halo rElec} You feel very mighty all of a sudden!
You feel protected!
Okay, then!
Okay, then!
Your body is suffused with negative energy!!!
Malevolent energies surge around you!
You can't see any susceptible monsters within range!!! (Use Z to cast anyway!) Unknown command!
A great vortex of raging winds appears around you!
Malevolent energies surge around you!
You can't drink!
You have escaped!!!

Action                   |  1- 3 |  4- 6 |  7- 9 | 10-12 | 13-15 | 16-18 | 19-21 | 22-24 | 25-27 || total
-------------------------+-------+-------+-------+-------+-------+-------+-------+-------+-------++-------
Melee: Falchion          |    13 |       |       |       |       |       |       |       |       ||    13
       Trident           |    60 |   174 |   155 |       |       |       |       |       |       ||   389
       Kick              |     6 |    47 |   135 |       |       |   640 |   666 |   764 |  5388 ||  7646
       Whip              |       |       |   170 |       |       |   342 |   473 |    72 |       ||  1057
       Morningstar       |       |       |    16 |   346 |   889 |   724 |   802 |  1266 |  9549 || 13592
       Katana            |       |       |       |       |       |       |       |       |    16 ||    16
       Unarmed           |       |       |       |       |       |       |       |       |     1 ||     1
Throw: Dart              |       |       |     2 |     7 |       |       |       |       |       ||     9
       Throwing net      |       |       |       |       |     1 |       |       |       |       ||     1
       Javelin           |       |       |       |       |     1 |       |       |       |     7 ||     8
 Cast: Confusing Touch   |       |       |    12 |    10 |       |       |       |       |     1 ||    23
       Apportation       |       |       |       |       |       |       |       |     2 |    24 ||    26
       Tornado           |       |       |       |       |       |       |       |       |   325 ||   325
       Absolute Zero     |       |       |       |       |       |       |       |       |   218 ||   218
       Necromutation     |       |       |       |       |       |       |       |       |   143 ||   143
       Airstrike         |       |       |       |       |       |       |       |       |    61 ||    61
       Shatter           |       |       |       |       |       |       |       |       |    57 ||    57
       Ozocubu's Refrige |       |       |       |       |       |       |       |       |    32 ||    32
       Sublimation of Bl |       |       |       |       |       |       |       |       |     6 ||     6
       Blink             |       |       |       |       |       |       |       |       |     4 ||     4
Invok: Bend Time         |       |     1 |     6 |     8 |     4 |     1 |       |       |     3 ||    23
       Slouch            |       |       |       |     1 |    11 |    21 |    11 |    13 |    12 ||    69
       Temporal Distorti |       |       |       |       |     2 |     2 |     2 |       |     3 ||     9
       Step From Time    |       |       |       |       |       |       |       |     1 |       ||     1
 Abil: End Transformatio |       |       |       |       |       |       |       |       |    10 ||    10
Evoke: Wand              |     1 |     4 |     5 |    20 |     7 |     5 |     5 |     7 |    14 ||    68
       Condenser vane    |       |       |       |       |       |       |       |       |     2 ||     2
       Figurine of a zig |       |       |       |       |       |       |       |       |     1 ||     1
  Use: Scroll            |       |     9 |     8 |    16 |    14 |    12 |    17 |     9 |   139 ||   224
       Potion            |       |       |       |     2 |       |     3 |     2 |     2 |    51 ||    60
 Stab: Sleeping          |     3 |    13 |     6 |     4 |     6 |     3 |       |       |       ||    35
       Confused          |       |       |    14 |     9 |       |       |       |       |       ||    23
       Paralysed         |       |       |     8 |    12 |       |       |       |       |   193 ||   213
       Distracted        |       |       |     3 |     1 |     2 |       |       |       |     3 ||     9
       Petrified         |       |       |       |     2 |       |       |       |       |       ||     2
       Invisible         |       |       |       |       |       |       |       |       |     4 ||     4
       Held in net/web   |       |       |       |       |       |       |       |       |     1 ||     1
Armor: Leather armour    |    32 |    81 |   167 |    70 |       |       |       |       |       ||   350
       Steam dragon scal |       |       |       |    10 |    68 |       |       |       |       ||    78
       Scale mail        |       |       |       |     8 |       |       |       |       |       ||     8
       Robe              |       |       |       |       |    70 |   188 |    53 |       |   198 ||   509
       Crystal plate arm |       |       |       |       |       |       |   222 |   523 |   218 ||   963
       Gold dragon scale |       |       |       |       |       |       |       |       |  2601 ||  2601
Dodge: Dodged            |    34 |   114 |   249 |   370 |   736 |   812 |   648 |   658 |  7265 || 10886
       Repelled          |       |       |     1 |     4 |     8 |     6 |    21 |     7 |       ||    47
Block: Buckler           |       |       |       |    56 |   243 |       |       |       |       ||   299
       Kite shield       |       |       |       |       |    90 |   875 |   878 |  1118 |  8182 || 11143
       Tower shield      |       |       |       |       |       |       |       |       |  1973 ||  1973
       Rpst.: Falchion   |     3 |       |       |       |       |       |       |       |       ||     3
       Katana            |       |       |       |       |       |       |       |       |    12 ||    12

Levels and vault maps discovered:
D:1:      erik_arrival_triangle_small, layout_loops_ring,
          minmay_misc_feat_encased
D:2:      layout_loops_ring
D:3:      layout_rooms
D:4:      layout_gridville, elyvilon_altar_4, nicolae_overflow_hidden_temple,
          okawaru_metal_pillars_1_2, uniq_pikel
D:5:      layout_loops_ring, minmay_temple_entry_nine_rooms,
          ebering_ghost_sewer_f, minmay_misc_feat_pillars, cheibriados_altar_1,
          uniq_grinder
D:6:      layout_loops_ring, serial_shops, kennysheep_mini, nrook_uturn
D:7:      layout_layer_cave
D:8:      layout_loops_cross
D:9:      layout_rooms, lemuel_doored_altar, dpeg_lair_monsters, david_orc_3
D:10:     layout_stronghold, serial_shops, nicolae_shop_behind_doors,
          serial_undead, serial_undead_a, serial_undead_b, serial_undead_b,
          serial_undead_e, serial_undead_b, serial_undead_c, serial_undead_b,
          serial_undead_b, serial_undead_c, serial_undead_f,
          minmay_guarded_unrand_vampires_tooth
D:11:     layout_loops_cross, lemuel_oklob_altar
D:12:     layout_cave_pods, serial_shops, shop
D:13:     layout_irregular_city, gauntlet_entry_generic
D:14:     layout_cross, david_vaults_5, serial_park_tiny_pond, uniq_nessos
D:15:     gammafunk_depths_entry_grave, layout_loops_corners,
          nicolae_ru_awakened_eye, serial_aquarium,
          aquarium_bridge_long_separate [aquarium_subvault_bridge,
          aquarium_subvault_bridge, aquarium_subvault_bridge,
          aquarium_subvault_bridge, aquarium_subvault_bridge,
          aquarium_subvault_wall], aquarium_bridge_square
          [aquarium_subvault_bridge, aquarium_subvault_bridge,
          aquarium_subvault_wall, aquarium_subvault_bridge],
          aquarium_window_fake, aquarium_window_fake, aquarium_window_corner,
          aquarium_window_2, aquarium_view_2g, aquarium_view_2d,
          aquarium_balcony_double_1, aquarium_pool_double,
          gammafunk_ghost_wrathful_warriors
Temple:   hc_temple_tempest_star
Lair:1:   layout_gridlike, lemuel_old_faithful
Lair:2:   wander_river, layout_chaotic_city, spider_nest_entry_webs,
          serial_forest, infiniplex_forest_straight_2,
          infiniplex_forest_straight_4, infiniplex_forest_clump_small,
          infiniplex_forest_lined_room_2, infiniplex_forest_clump_long,
          minmay_lair_oklob_chamber, serial_bayou_shore_b, lemuel_fruit_tree
Lair:3:   layout_cave_pods, nicolae_swamp_entry_splash_gauntlet,
          serial_bayou_crossing
Lair:4:   layout_loops_ring, ebering_ghost_xom, chequers_serial_rivers_large_a,
          dpeg_oklob_1
Lair:5:   layout_small_grid, minmay_holes
Lair:6:   grunt_lair_end_beastmaster, layout_cave_shapes,
          minmay_slime_entry_eyes
Swamp:1:  layout_basic_swamp, nicolae_swamp_round_clearing
Swamp:2:  layout_basic_swamp, evilmike_swamp_ruin_house_2
Swamp:3:  gammafunk_sealed_arena, layout_basic_swamp,
          ebering_ghost_disaster_area, evilmike_swamp_ruin_house_5, uniq_aizul,
          uniq_roxanne, uniq_nikola
Swamp:4:  nzn_swamp_witches_coven, layout_basic_swamp
Spider:1: layout_spider_delve, nicolae_spider_nook
Spider:2: layout_spider_delve, nicolae_spider_webbed_stairs
Spider:3: layout_chambers, nicolae_spider_webs_and_nodes,
          nicolae_looking_at_the_future, uniq_arachne, uniq_louise,
          uniq_asterion, uniq_bai_suzhen
Spider:4: grunt_spider_rune_circles, gammafunk_ghost_arena,
          einodemon_crawler_minivault, uniq_kirke
Slime:1:  layout_caves
Slime:2:  layout_caves
Slime:3:  layout_caves, uniq_dissolution
Slime:4:  cheibrodos_slime_lost_civilization_10, layout_caves
Slime:5
Orc:1:    layout_caves, basic_altar, uniq_josephine, uniq_erolcha
Orc:2:    st_orc_mages, layout_diamond_mine, uniq_azrael
Elf:1:    layout_gridlike, kennysheep_underground_church
Elf:2:    layout_geoelf_diagonals
Elf:3:    minmay_elf_hall_not_hex, layout_geoelf_castle, lemuel_flame_loot_1
Vaults:1: emtedronai_trogs_sanctum, grunt_vaults_bifocal,
          nicolae_vaults_shelves_hall, hangedman_vaults_impose,
          vaults_dpeg_diagonal, v_misc_2, nicolae_vaults_little_squares_2,
          ontoclasm_vaults_eye, nicolae_vaults_mini_display_case,
          ontoclasm_vaults_ligature, vaults_room_grunt_arrival_ludios,
          vaults_dpeg_ring, hangedman_vaults_nails, layout_vaults_big_cross,
          serial_shops, bzr_firewalk
Vaults:2: hangedman_vaults_hat, minmay_crypt_entry_simple_statues, v_misc_27,
          vaults_mumra_chevron, nicolae_vaults_specimen_jars,
          hangedman_vaults_capsules, nicolae_vaults_quadrants,
          ontoclasm_vaults_idyll, vaults_dpeg_doors, hangedman_vaults_stream,
          v_misc_25, v_pattern_3, hangedman_vaults_variations,
          layout_vaults_maze
Vaults:3: nicolae_vaults_border_crossing, v_misc_5, v_misc_15,
          gammafunk_its_a_trap, v_alt_pattern_4, v_pattern_1, vaults_room_pool,
          vaults_room_semicircle, vaults_mumra_hexcomb, hangedman_vaults_nodes,
          grunt_vaults_focal, hangedman_vaults_trim, grunt_vaults_hallway_short,
          layout_vaults_omnibox, uniq_jory
Vaults:4: hangedman_vaults_pinch, hangedman_vaults_maws,
          vaults_standard_mumra_x, vaults_room_pool, dpeg_vaults_monster_box,
          nicolae_vaults_network_square, nicolae_vaults_gold_heap,
          vaults_room_semicircle, hangedman_vaults_maws,
          nicolae_vaults_circle_grid_b, vaults_room_door_ring,
          layout_vaults_big_room, uniq_donald
Vaults:5: serial_shops
Crypt:1:  layout_basic
Crypt:2:  layout_chaotic_city
Crypt:3:  quadcrypt_mu
Tomb:1
Tomb:2
Tomb:3
Depths:1: grated_community_mu [grated_community_mu_vampire_home,
          grated_community_mu_giant_home, grated_community_mu_spellcaster_home,
          grated_community_mu_orcish_home, grated_community_mu_troll_home,
          grated_community_mu_taur_home, grated_community_mu_unbuilt_plot],
          layout_cave_pools, hangedman_geh_valley, abyss_entry, drop_trap,
          minmay_misc_feat_ornament, serial_bayou_pond_a,
          minmay_variable_closet, minmay_hedge_maze, minivault_16,
          grunt_ministairs_1, hangedman_abyss_or_decor_jellyfish_corner,
          amcnicky_mini_pool_small, nicolae_elemental_shop,
          chequers_serial_rivers_micro_b, serial_bayou_shore_b
Depths:2: evilmike_pillar_path, layout_gridlike, grunt_pan_entry_zigzag,
          hellmouth_1, st_stairs_7, infiniplex_staircase_pillars_2,
          minmay_shop_grove
Depths:3: lemuel_vampire_tower, layout_basic, rand_demon_pan_entry_9,
          hangedman_coc_ice_floe, minmay_misc_feat_roman, kennysheep_potato
Depths:4: minmay_the_grid_triangle_9x9_recursive_2_mashed
          [minmay_the_grid_triangle_9x9_prize_center,
          minmay_the_grid_triangle_9x9_impossible_snake,
          minmay_the_grid_triangle_9x9_alien,
          minmay_the_grid_triangle_9x9_windchime], layout_cave_pools,
          enter_ziggurat_a, serial_shops, nicolae_shop_statue_plus,
          grunt_hell_entry_dis_old, abyss_entry_glasseish,
          chequers_serial_rivers_micro_c, minmay_staircase_bubble
Depths:5: lemuel_castle_with_subvaults [lemuel_castle_interior_carwin_2],
          layout_honeycomb, nrook_campfire, hangedman_tar_grid_catacomb,
          gammafunk_ghost_door_vault, fountainhead, drop_trap, uniq_mennas
Hell
Dis:1:    lightli_tower_of_babel, layout_regular_city
Dis:2:    layout_regular_city
Dis:3:    layout_regular_city, grunt_megastairs_1
Dis:4:    layout_gridville, grunt_megastairs_2
Dis:5:    layout_overlapping_boxes
Dis:6:    layout_gridville
Dis:7:    iron_city_of_dis [dis_grunt, dis_wall_3], layout_chaotic_city,
          hangedman_dis_chains
Geh:1:    layout_gehenna_lava_caves
Geh:2:    layout_gehenna_pools_triple, grunt_megastairs_3, lemuel_elevator
Geh:3:    layout_gehenna_pools_triple
Geh:4:    layout_gehenna_pools_box, hangedman_elemental_corridor
Geh:5:    layout_gehenna_pools_triple
Geh:6:    layout_gehenna_pools_triple, nicolae_geh_single_fiery_grave
Geh:7:    geh_grunt_pentagon
Coc:1:    layout_cocytus_water_paths
Coc:2:    layout_cocytus_water_paths
Coc:3:    layout_cocytus_water_paths
Coc:4:    layout_ice_bergs
Coc:5:    layout_cocytus_water_paths
Coc:6:    layout_cocytus_water_paths
Coc:7:    coc_old
Tar:1:    layout_honeycomb
Tar:2:    layout_grid_maze
Tar:3:    layout_cathedral_of_symmetry
Tar:4:    layout_grid_maze
Tar:5:    layout_catacombs
Tar:6:    layout_honeycomb
Tar:7:    tar_old
Zot:1:    layout_twisted_circle, st_stairs_2
Zot:2:    layout_basic
Zot:3:    layout_cathedral_of_symmetry, gammafunk_ghost_tricky_traps
Zot:4:    layout_twisted_circle, st_stairs_1, grunt_megastairs_5
Zot:5:    layout_twisted_circle, grunt_ministairs_13

Notes
Turn   | Place    | Note
-------+----------+-------------------------------------------
     0 | D:5      | Sar the Demonspawn Delver began the quest for the Orb.
     0 | D:5      | Reached XP level 1. HP: 18/18 MP: 1/1
     7 | D:5      | Became a worshipper of Cheibriados the Contemplative
    40 | D:4      | Found a stormy altar of Qazlal.
   203 | D:4      | Got a faintly glowing trident
   204 | D:4      | Identified the cursed +1 trident "Jagheev" {protect, MP+9
                  | Int+2 SInv} (You found it on level 4 of the Dungeon)
   305 | D:3      | Gained mutation: You have large cloven feet. [demonic
                  | ancestry]
   305 | D:3      | Reached XP level 2. HP: 21/24 MP: 2/2
   466 | D:2      | Reached skill level 5 in Stealth
   518 | D:2      | Reached XP level 3. HP: 20/30 MP: 3/3
   831 | D:2      | Reached skill level 4 in Fighting
   947 | D:1      | Reached * piety under Cheibriados
   969 | D:1      | Gained mutation: You are partially covered in iridescent
                  | scales. (AC +2) [demonic ancestry]
   969 | D:1      | Reached XP level 4. HP: 38/38 MP: 4/4
  1661 | D:2      | Reached ** piety under Cheibriados
  2061 | D:3      | Reached skill level 5 in Fighting
  2357 | D:3      | Gained mutation: You are mostly covered in iridescent
                  | scales. (AC +4) [demonic ancestry]
  2357 | D:3      | Reached XP level 5. HP: 44/44 MP: 5/5
  2513 | D:3      | Learned a level 1 spell: Corona
  2516 | D:3      | Learned a level 2 spell: Ensorcelled Hibernation
  2594 | D:4      | Noticed a lemure
  2595 | D:4      | Noticed Pikel
  2595 | D:4      | Noticed a lemure
  2595 | D:4      | Noticed a lemure
  2595 | D:4      | Noticed a lemure
  2734 | D:4      | Found a white marble altar of Elyvilon.
  2754 | D:4      | Found an iron altar of Okawaru.
  2754 | D:4      | Noticed a phantom
  2768 | D:4      | Killed a phantom
  2769 | D:4      | Reached skill level 2 in Spellcasting
  2773 | D:4      | Reached XP level 6. HP: 40/51 MP: 9/9
  2872 | D:4      | Learned a level 3 spell: Confusing Touch
  3152 | D:4      | Reached skill level 1 in Hexes
  3158 | D:4      | Reached *** piety under Cheibriados
  3201 | D:4      | Killed Pikel
  3202 | D:4      | Reached skill level 3 in Spellcasting
  3202 | D:4      | Reached skill level 2 in Hexes
  3202 | D:4      | Reached skill level 3 in Invocations
  3202 | D:4      | Reached skill level 2 in Evocations
  3202 | D:4      | Reached XP level 7. HP: 56/56 MP: 12/12
  3452 | D:5      | Noticed Grinder
  3462 | D:5      | Paralysed by Grinder for 6 turns
  3469 | D:5      | Killed Grinder
  3470 | D:5      | Reached skill level 4 in Spellcasting
  3470 | D:5      | Reached skill level 3 in Hexes
  3470 | D:5      | Reached skill level 4 in Invocations
  3470 | D:5      | Reached skill level 3 in Evocations
  3470 | D:5      | Gained mutation: Spells you cast may paralyse adjacent
                  | enemies. [demonic ancestry]
  3470 | D:5      | Reached XP level 8. HP: 49/63 MP: 14/14
  3912 | D:5      | Found a runed translucent door.
  3930 | D:5      | Noticed anet's ghost (weakling GnDe)
  4087 | D:5      | Found a runed translucent door.
  4166 | D:5      | Found a staircase to the Ecumenical Temple.
  4190 | Temple   | Entered the Ecumenical Temple
  4777 | D:6      | Reached skill level 5 in Invocations
  4814 | D:6      | Reached skill level 4 in Hexes
  4824 | D:6      | Reached skill level 4 in Evocations
  5256 | D:6      | Found Ocyaza's General Store.
  5259 | D:6      | Bought a scroll of identify for 28 gold pieces
  5310 | D:6      | Reached skill level 5 in Spellcasting
  5373 | D:6      | Reached skill level 6 in Invocations
  5765 | D:6      | Reached skill level 5 in Hexes
  5771 | D:6      | Reached skill level 5 in Evocations
  5773 | D:6      | Reached XP level 9. HP: 56/68 MP: 14/16
  5774 | D:6      | Reached **** piety under Cheibriados
  6152 | D:7      | Reached skill level 1 in Maces & Flails
  6368 | D:7      | Reached skill level 2 in Dodging
  6445 | D:7      | Reached skill level 2 in Maces & Flails
  7018 | D:7      | Reached skill level 3 in Dodging
  7582 | D:8      | Reached skill level 6 in Evocations
  7646 | D:8      | Reached skill level 3 in Maces & Flails
  8160 | D:9      | Noticed a death yak
  8169 | D:8      | Reached skill level 6 in Fighting
  8273 | D:8      | Reached skill level 4 in Dodging
  8383 | D:8      | Reached skill level 4 in Maces & Flails
  8529 | D:9      | Found the +10 morningstar "Eos" {elec, Halo rElec}
  8565 | D:9      | Identified a potion of resistance
  8573 | D:9      | Found a staircase to the Lair.
  8574 | D:9      | Noticed a death yak
  8595 | D:9      | Killed a death yak
  8596 | D:9      | Reached XP level 10. HP: 68/77 MP: 12/17
  8644 | D:9      | Reached ***** piety under Cheibriados
  8645 | D:9      | Reached skill level 7 in Fighting
  8645 | D:9      | Reached skill level 5 in Dodging
  8713 | D:9      | Noticed a two-headed ogre
  8722 | D:9      | Killed a two-headed ogre
  8723 | D:9      | Reached skill level 5 in Maces & Flails
  8885 | D:9      | Noticed a death yak
  8902 | D:9      | Killed a death yak
  8903 | D:9      | Reached skill level 6 in Dodging
  8907 | D:9      | HP: 8/80 [death yak (25)]
  9205 | D:9      | Found a staircase to the Orcish Mines.
  9309 | D:9      | Reached skill level 8 in Fighting
  9309 | D:9      | Reached skill level 6 in Maces & Flails
 10196 | D:9      | Killed a death yak
 10442 | D:9      | Gained mutation: You are partially covered in sharp spines.
                  | [demonic ancestry]
 10442 | D:9      | Reached XP level 11. HP: 83/87 MP: 18/18
 10586 | D:9      | Found an ornate altar of the Wu Jian Council.
 10692 | D:10     | Entered Level 10 of the Dungeon
 10761 | D:10     | Reached skill level 7 in Dodging
 11131 | D:10     | Reached skill level 7 in Maces & Flails
 11546 | D:10     | Found the +12 Vampire's Tooth {vamp}
 11553 | D:10     | Reached skill level 8 in Maces & Flails
 11623 | D:10     | Identified a +0 pair of boots of running (You found it on
                  | level 10 of the Dungeon)
 11837 | D:10     | Found Xigro's Magic Scroll Emporium.
 11842 | D:10     | Bought a scroll of acquirement for 572 gold pieces
 11842 | D:10     | Bought a scroll of teleportation for 33 gold pieces
 11842 | D:10     | Acquired the +3 sling "Punk" {acid, rCorr}
 11843 | D:10     | Found the +3 sling "Punk" {acid, rCorr}
 12093 | D:10     | Noticed a two-headed ogre
 12099 | D:10     | Killed a two-headed ogre
 12100 | D:10     | Reached skill level 9 in Maces & Flails
 12426 | Lair:1   | Entered Level 1 of the Lair of Beasts
 12494 | Lair:1   | Reached skill level 10 in Maces & Flails
 12978 | Lair:1   | Reached skill level 1 in Shields
 13028 | Lair:1   | Reached ****** piety under Cheibriados
 13030 | Lair:1   | Reached XP level 12. HP: 89/94 MP: 19/19
 13630 | Lair:2   | Reached skill level 2 in Shields
 13717 | Lair:2   | Reached skill level 11 in Maces & Flails
 13771 | Lair:2   | Reached skill level 3 in Shields
 13812 | Lair:2   | Found a hole to the Spider Nest.
 13846 | Lair:2   | Noticed a six-headed hydra
 13862 | Lair:2   | HP: 1/94 [cane toad (22)]
 13863 | Lair:2   | Reached skill level 4 in Shields
 14476 | Lair:2   | Killed a six-headed hydra
 14745 | Lair:2   | Acquired a +1 hat of willpower
 14915 | Lair:2   | Noticed a catoblepas
 14932 | Lair:2   | Killed a catoblepas
 14935 | Lair:2   | Reached skill level 12 in Maces & Flails
 15321 | Lair:3   | Got an ichor-stained battleaxe
 15642 | Lair:3   | Identified the +7 battleaxe of Foul Odors {venom, Str+4
                  | Stlth+} (You found it on level 3 of the Lair of Beasts)
 15743 | Lair:3   | Found a staircase to the Swamp.
 15745 | Lair:3   | Reached skill level 7 in Invocations
 15805 | Lair:3   | Identified +0 steam dragon scales
 16331 | Lair:4   | Noticed an eight-headed hydra
 16341 | Lair:4   | Killed an eight-headed hydra
 16342 | Lair:4   | Reached skill level 8 in Invocations
 16745 | Lair:4   | Reached skill level 13 in Maces & Flails
 16745 | Lair:4   | Gained mutation: You have hoof-like feet. [demonic
                  | ancestry]
 16745 | Lair:4   | Reached XP level 13. HP: 92/100 MP: 20/20
 16956 | Lair:4   | Found a runed translucent door.
 16958 | Lair:4   | Found a shimmering altar of Xom.
 16958 | Lair:4   | Noticed Zamiunan's ghost (journeyman GrMo)
 17004 | Lair:4   | Reached skill level 9 in Invocations
 17014 | Lair:4   | Got a wavering bone amulet
 17031 | Lair:4   | Identified the amulet "Ihiar" {Reflect *Corrode rPois rN+++
                  | SH+5 SInv} (You found it on level 4 of the Lair of Beasts)
 17865 | Lair:5   | Reached skill level 10 in Invocations
 18774 | Lair:6   | Entered Level 6 of the Lair of Beasts
 18789 | Lair:6   | Reached skill level 14 in Maces & Flails
 18801 | Lair:6   | Found a staircase to the Slime Pits.
 19401 | Lair:6   | Reached skill level 15 in Maces & Flails
 19591 | Lair:6   | Reached XP level 14. HP: 106/106 MP: 21/21
 19904 | Lair:6   | Reached skill level 16 in Maces & Flails
 20047 | Lair:6   | Reached skill level 9 in Fighting
 20168 | Lair:6   | Found the +8 whip "Snakebite" {curare, rPois}
 20446 | Orc:1    | Entered Level 1 of the Orcish Mines
 20446 | Orc:1    | Noticed Erolcha
 20448 | Orc:1    | Killed Erolcha
 20588 | Orc:2    | Entered Level 2 of the Orcish Mines
 20628 | Orc:2    | Found a staircase to the Elven Halls.
 20667 | Orc:2    | Noticed Azrael
 20676 | Orc:2    | Killed Azrael
 20686 | Orc:2    | Reached skill level 8 in Dodging
 20918 | Orc:2    | Reached skill level 10 in Fighting
 20942 | Orc:2    | Found Juzxen's Antique Weapon Shop.
 20942 | Orc:2    | Found Cynifi's Assorted Antiques.
 20942 | Orc:2    | Found Fudis's Armour Boutique.
 21162 | Orc:2    | Found Wen Woa's Jewellery Shop.
 21175 | Orc:2    | Bought a scroll labelled HEKHUIN NODA for 28 gold pieces
 21175 | Orc:2    | Bought a pair of runed boots for 210 gold pieces
 21832 | Orc:1    | Reached skill level 9 in Dodging
 21914 | Orc:1    | Found a roughly hewn altar of Beogh.
 21924 | Orc:1    | Noticed Josephine
 21936 | Orc:1    | Killed Josephine
 22611 | D:11     | Found a sacrificial altar of Ru.
 22879 | D:11     | Reached skill level 1 in Armour
 23055 | D:11     | Reached skill level 11 in Fighting
 23485 | D:12     | Reached skill level 2 in Armour
 23520 | D:12     | Gained mutation: You are mostly covered in sharp spines.
                  | [demonic ancestry]
 23520 | D:12     | Reached XP level 15. HP: 118/118 MP: 22/22
 23762 | D:12     | Found Icunkigi's Antique Armour Shop.
 23940 | D:12     | Reached skill level 3 in Armour
 24302 | D:13     | Found a gate leading to a gauntlet.
 24314 | Gauntlet | Entered a Gauntlet
 24314 | Gauntlet | Found a transporter.
 24457 | Gauntlet | Found a transporter.
 24568 | Gauntlet | Found a transporter.
 24573 | Gauntlet | Found a transporter.
 24593 | Gauntlet | Found a transporter.
 24610 | Gauntlet | Found a transporter.
 24619 | Gauntlet | Found a transporter.
 24631 | Gauntlet | Found a transporter.
 24643 | Gauntlet | Found a transporter.
 24655 | Gauntlet | Found a transporter.
 24672 | Gauntlet | Found a transporter.
 24689 | Gauntlet | Found a transporter.
 24691 | Gauntlet | Found a transporter.
 24716 | Gauntlet | Found a transporter.
 24736 | Gauntlet | Found a transporter.
 24738 | Gauntlet | Found a transporter.
 24844 | Gauntlet | Found a transporter.
 24868 | Gauntlet | Found a transporter.
 25168 | Gauntlet | Reached skill level 10 in Dodging
 25171 | Gauntlet | Got a pair of polished gloves
 25185 | Gauntlet | Identified the +0 pair of gloves "Kaxt" {Harm} (You found
                  | it in a Gauntlet)
 25665 | D:13     | Reached skill level 4 in Armour
 27205 | D:14     | Acquired 1005 gold pieces
 27214 | D:14     | Noticed Nessos
 27508 | D:14     | Killed Nessos
 27987 | D:14     | Reached skill level 5 in Shields
 27992 | D:14     | Found a gate to the Vaults.
 28274 | D:15     | Entered Level 15 of the Dungeon
 28274 | D:15     | Found a sacrificial altar of Ru.
 28300 | D:15     | Found a staircase to the Depths.
 28317 | D:15     | Reached skill level 6 in Shields
 28364 | D:15     | Identified the +3 battleaxe of Purpose {vorpal, rPois rF-
                  | Str+3}
 28364 | D:15     | Noticed an orc warlord
 28364 | D:15     | Identified the +5 double sword of Brutal Revenge
                  | {antimagic, Int+4 Stlth+}
 28371 | D:15     | Found a transporter.
 28372 | D:15     | Found a bloodstained altar of Trog.
 28376 | D:15     | Identified the +6 executioner's axe of Eternal Harmony
                  | {flame, Int+4}
 28379 | D:15     | Found a transporter.
 28402 | D:15     | Noticed Dolimn's ghost (journeyman DgFi)
 28742 | D:15     | Reached skill level 7 in Shields
 29533 | D:15     | Reached skill level 8 in Shields
 29541 | D:15     | Killed an orc warlord
 29547 | D:15     | Killed Dolimn's ghost
 29548 | D:15     | Reached skill level 9 in Shields
 30531 | Spider:1 | Entered Level 1 of the Spider Nest
 30547 | Spider:1 | Gained mutation: You have hooves in place of feet. [demonic
                  | ancestry]
 30547 | Spider:1 | Reached XP level 16. HP: 82/127 MP: 17/23
 30556 | Spider:1 | Reached skill level 10 in Shields
 30561 | Spider:1 | Found the +3 hat of Pondering {ponderous, Will+ MP+10
                  | Int+5}
 31036 | Lair:4   | Killed Zamiunan's ghost
 31045 | Lair:4   | Acquired a +1 crystal plate armour
 31475 | Spider:1 | Reached skill level 5 in Armour
 31622 | Spider:2 | Reached skill level 6 in Armour
 31941 | Spider:2 | Reached skill level 11 in Shields
 32164 | Spider:3 | Noticed Arachne
 32197 | Spider:3 | Killed Arachne
 32273 | Spider:3 | Noticed Bai Suzhen
 32274 | Spider:3 | Noticed Louise
 32288 | Spider:3 | Noticed Asterion
 32297 | Spider:3 | Killed Asterion
 32298 | Spider:3 | Reached skill level 7 in Armour
 32829 | Spider:4 | Entered Level 4 of the Spider Nest
 33149 | Spider:4 | Noticed Kirke
 33158 | Spider:4 | Killed Kirke
 33265 | Spider:4 | Reached skill level 8 in Armour
 33388 | Spider:4 | Reached skill level 12 in Shields
 33776 | Spider:4 | Reached XP level 17. HP: 42/133 MP: 15/24
 34210 | Spider:4 | Reached skill level 9 in Armour
 34508 | Spider:4 | Found a transporter.
 34508 | Spider:4 | Noticed Rithrew's ghost (journeyman DsFi)
 34512 | Spider:4 | Found a transporter.
 34609 | Spider:4 | HP: 13/133 [poisoned by an emperor scorpion]
 34614 | Spider:4 | HP: 12/133 [poisoned by an emperor scorpion]
 34620 | Spider:4 | HP: 11/133 [poisoned by an emperor scorpion]
 34626 | Spider:4 | HP: 11/133 [poisoned by an emperor scorpion]
 34633 | Spider:4 | HP: 11/133 [poisoned by an emperor scorpion]
 34638 | Spider:4 | HP: 12/133 [poisoned by an emperor scorpion]
 34644 | Spider:4 | HP: 13/133 [poisoned by an emperor scorpion]
 34650 | Spider:4 | HP: 13/133 [poisoned by an emperor scorpion]
 35053 | Spider:4 | Killed Rithrew's ghost
 35494 | Spider:4 | Got a gossamer rune of Zot
 35973 | Vaults:1 | Entered Level 1 of the Vaults
 36075 | Vaults:1 | Reached skill level 13 in Shields
 36081 | Vaults:1 | Reached skill level 10 in Armour
 36716 | Vaults:1 | Found a transporter.
 36838 | Vaults:1 | Identified the cursed +0 pair of boots of Silly the Leaf
                  | {rN++ MP-9} (You found it on level 1 of the Vaults)
 36901 | Vaults:1 | Reached skill level 11 in Invocations
 37286 | Vaults:1 | Got a bloodstained scale mail
 37297 | Vaults:1 | Identified the cursed +0 scale mail of the Known World
                  | {Harm Str+4 Int+4} (You found it on level 1 of the Vaults)
 37389 | Vaults:1 | Reached skill level 11 in Dodging
 37639 | Vaults:1 | Found a gateway to a bazaar.
 38257 | Bazaar   | Entered a bazaar
 38283 | Bazaar   | Found Ceeni's Armour Shop.
 38296 | Bazaar   | Found Puizalok's General Store.
 38296 | Bazaar   | Found Riddaar's General Store.
 38306 | Bazaar   | Bought a potion of heal wounds for 60 gold pieces
 38306 | Bazaar   | Bought a scroll of enchant armour for 90 gold pieces
 38320 | Bazaar   | Found Nutaorr's Magic Scroll Boutique.
 38379 | Bazaar   | Bought a scroll of identify for 26 gold pieces
 38379 | Bazaar   | Bought a scroll of identify for 26 gold pieces
 38379 | Bazaar   | Bought a scroll of fear for 45 gold pieces
 38379 | Bazaar   | Bought a scroll of identify for 26 gold pieces
 38379 | Bazaar   | Bought a scroll of remove curse for 39 gold pieces
 38379 | Bazaar   | Bought a scroll of enchant armour for 97 gold pieces
 38379 | Bazaar   | Bought a scroll of identify for 26 gold pieces
 38379 | Bazaar   | Bought 3 scrolls of enchant weapon for 292 gold pieces
 38393 | Bazaar   | Bought a +2 pair of gloves of strength for 236 gold pieces
 38422 | Bazaar   | Bought a scroll of brand weapon for 240 gold pieces
 38422 | Bazaar   | Bought a scroll of magic mapping for 42 gold pieces
 38662 | Vaults:2 | Identified +0 acid dragon scales
 38702 | Vaults:2 | Reached skill level 12 in Invocations
 38710 | Vaults:2 | Reached XP level 18. HP: 116/140 MP: 16/27
 38746 | Vaults:2 | Reached skill level 14 in Shields
 39737 | Vaults:2 | Identified +0 ice dragon scales
 39748 | Vaults:2 | Reached skill level 13 in Invocations
 39851 | Vaults:2 | Found a staircase to the Crypt.
 40071 | Vaults:2 | Reached skill level 12 in Dodging
 40208 | Vaults:2 | Noticed a tentacled monstrosity
 40214 | Vaults:2 | Killed a tentacled monstrosity
 40490 | Vaults:3 | Noticed Jory
 40654 | Vaults:3 | Reached skill level 14 in Invocations
 41119 | Vaults:3 | Killed Jory
 41695 | Vaults:3 | Reached skill level 15 in Shields
 41998 | Vaults:3 | Found a transporter.
 42042 | Vaults:3 | Found a transporter.
 42190 | Vaults:3 | Gained mutation: You are completely covered in sharp
                  | spines. [demonic ancestry]
 42190 | Vaults:3 | Reached XP level 19. HP: 112/146 MP: 28/30
 42692 | Vaults:3 | Gained mutation: Scrolls take you a little longer to read.
                  | [mutagenic glow]
 42706 | Vaults:3 | Gained mutation: Scrolls take you longer to read.
                  | [mutagenic glow]
 42708 | Vaults:3 | Reached skill level 15 in Invocations
 42712 | Vaults:3 | Reached skill level 13 in Dodging
 42729 | Vaults:3 | Gained mutation: Your body sometimes deteriorates upon
                  | taking damage. [mutagenic glow]
 42937 | Vaults:3 | Lost mutation: Scrolls take you longer to read. [potion of
                  | mutation]
 42937 | Vaults:3 | Lost mutation: Scrolls take you a little longer to read.
                  | [potion of mutation]
 42937 | Vaults:3 | Lost mutation: Your body sometimes deteriorates upon taking
                  | damage. [potion of mutation]
 42937 | Vaults:3 | Gained mutation: Scrolls take you a little longer to read.
                  | [potion of mutation]
 42937 | Vaults:3 | Gained mutation: You have a pair of small antennae on your
                  | head. [potion of mutation]
 42937 | Vaults:3 | Gained mutation: Your muscles are strong. (Str +2) [potion
                  | of mutation]
 42937 | Vaults:3 | Gained mutation: You are somewhat resistant to further
                  | mutation. [potion of mutation]
 42938 | Vaults:3 | Lost mutation: You have a pair of small antennae on your
                  | head. [potion of mutation]
 42938 | Vaults:3 | Lost mutation: Your muscles are strong. (Str +2) [potion of
                  | mutation]
 42938 | Vaults:3 | Lost mutation: Scrolls take you a little longer to read.
                  | [potion of mutation]
 42968 | Vaults:3 | Identified the cursed +1 arbalest "Deopag" {elec, rN+} (You
                  | found it on level 3 of the Vaults)
 42972 | Vaults:3 | Got a crude amethyst amulet
 42973 | Vaults:3 | Identified the amulet of the Genius {rElec Regen+} (You
                  | found it on level 3 of the Vaults)
 42984 | Vaults:3 | Got a shimmering ivory ring
 42988 | Vaults:3 | Identified the ring "Vuboskei" {*Contam rF+ AC+4 Str+6}
                  | (You found it on level 3 of the Vaults)
 43396 | Lair:2   | Acquired 1162 gold pieces
 43758 | Vaults:4 | Reached skill level 12 in Fighting
 44007 | Vaults:4 | Reached skill level 13 in Fighting
 44080 | Vaults:4 | Reached skill level 14 in Fighting
 44278 | Vaults:4 | Noticed Donald
 44297 | Vaults:4 | Killed Donald
 44307 | Vaults:4 | Identified +0 storm dragon scales
 44448 | Vaults:4 | Reached skill level 15 in Fighting
 45507 | Elf:1    | Entered Level 1 of the Elven Halls
 45711 | Elf:1    | Gained mutation: You are completely covered in iridescent
                  | scales. (AC +6) [demonic ancestry]
 45711 | Elf:1    | Reached XP level 20. HP: 161/164 MP: 31/31
 45736 | Elf:1    | Got an ichor-stained hat
 45899 | Elf:1    | Got a slimy golden amulet
 45905 | Elf:1    | Identified the amulet of Uppiur {Spirit Str+4 Int+6 Dex-3
                  | Slay+2} (You found it on level 1 of the Elven Halls)
 45928 | Elf:1    | Reached skill level 16 in Fighting
 46147 | Elf:2    | Found a runed translucent gate.
 46147 | Elf:2    | Found a runed translucent gate.
 46158 | Elf:2    | Found a runed translucent gate.
 46519 | Elf:2    | Reached skill level 17 in Fighting
 46890 | Elf:3    | Entered Level 3 of the Elven Halls
 48048 | Elf:3    | Reached skill level 18 in Fighting
 48469 | Elf:3    | Identified the +2 robe of the Illusory Nights {+Blink +Inv
                  | rCorr Str-5}
 48590 | Elf:3    | Identified the +2 robe of Fortitude {rC++ Int+4}
 48592 | Elf:3    | Identified the ring of Uguxky {Ice rElec}
 48612 | Elf:3    | Reached skill level 19 in Fighting
 48634 | Elf:3    | Gained mutation: You resist negative energy. (rN+) [demonic
                  | ancestry]
 48634 | Elf:3    | Reached XP level 21. HP: 73/180 MP: 25/32
 48970 | Elf:3    | Got a glittering golden ring
 48971 | Elf:3    | Identified the ring "Xemeafro" {rC+ rN+ SInv} (You found it
                  | on level 3 of the Elven Halls)
 48974 | Elf:3    | Got an encrusted chain mail
 48985 | Elf:3    | Identified the cursed +1 chain mail of Defiance {rC+} (You
                  | found it on level 3 of the Elven Halls)
 49006 | Elf:3    | Identified the +3 hat "Vusig" {rPois rCorr Dex-5 SInv} (You
                  | found it on level 1 of the Elven Halls)
 49062 | Elf:3    | Identified +0 swamp dragon scales (You found it on level 3
                  | of the Elven Halls)
 49065 | Elf:3    | Identified the +8 arbalest of Dishonour {freeze, rN+ Dex+4}
                  | (You found it on level 3 of the Elven Halls)
 49414 | Lair:1   | Identified the +1 chain mail of the Beekeeper {rF++ rN+
                  | Int-2} (You found it on level 1 of the Lair of Beasts)
 51893 | Lair:3   | Got a translucent scale mail
 51904 | Lair:3   | Identified the +0 scale mail "Deebar" {Str+2} (You found it
                  | on level 3 of the Lair of Beasts)
 52042 | Swamp:1  | Entered Level 1 of the Swamp
 52430 | Swamp:1  | Reached skill level 6 in Spellcasting
 53039 | Vaults:1 | Found a bloodstained altar of Trog.
 53040 | Vaults:1 | Found the +8 Wrath of Trog {antimagic, *Rage}
 53090 | Vaults:1 | Found a transporter.
 53090 | Vaults:1 | Found a runed translucent door.
 53144 | Vaults:1 | Got a smoking chain mail
 53217 | Vaults:1 | Identified the +6 chain mail of Refuge {rN+ Will- Regen+
                  | Slay+5} (You found it on level 1 of the Vaults)
 53730 | Swamp:2  | Reached skill level 7 in Spellcasting
 54029 | Swamp:3  | Found a transporter.
 54045 | Swamp:3  | Reached skill level 8 in Spellcasting
 54400 | Swamp:3  | Found a transporter.
 54415 | Swamp:3  | Noticed Nikola
 54441 | Swamp:3  | Reached skill level 9 in Spellcasting
 54449 | Swamp:3  | Killed Nikola
 54467 | Swamp:3  | Noticed Aizul
 54479 | Swamp:3  | Killed Aizul
 54678 | Swamp:3  | Noticed Roxanne
 54697 | Swamp:3  | Killed Roxanne
 54709 | Swamp:3  | Found a large runed translucent door.
 54710 | Swamp:3  | Noticed Beaer's ghost (adept VSBr)
 54711 | Swamp:3  | Found a large runed translucent door.
 54919 | Swamp:3  | Killed Beaer's ghost
 54929 | Swamp:3  | Identified the +2 ice dragon scales "Qill" {rF- rC++
                  | Stlth+} (You found it on level 3 of the Swamp)
 54995 | Swamp:3  | Reached skill level 10 in Spellcasting
 55011 | Swamp:3  | Got an ancient hat
 55012 | Swamp:3  | Identified the cursed -3 hat of Twilight {rF+} (You found
                  | it on level 3 of the Swamp)
 55142 | Swamp:4  | Entered Level 4 of the Swamp
 55179 | Swamp:4  | Identified +0 swamp dragon scales
 55185 | Swamp:4  | Reached skill level 11 in Spellcasting
 55518 | Swamp:4  | Identified +0 swamp dragon scales
 55585 | Swamp:4  | Reached skill level 12 in Spellcasting
 55710 | Swamp:4  | Identified +0 swamp dragon scales
 55967 | Swamp:4  | Got a decaying rune of Zot
 56844 | Depths:1 | Entered Level 1 of the Depths
 56884 | Depths:1 | Identified +0 ice dragon scales
 56893 | Depths:1 | Reached XP level 22. HP: 146/188 MP: 32/38
 57163 | Depths:1 | Found a one-way gate to the infinite horrors of the Abyss.
 57171 | Depths:1 | Reached skill level 13 in Spellcasting
 57280 | Depths:1 | Found Paaxuq's Elemental Accessories.
 57333 | Depths:1 | Found a gateway to Hell.
 57860 | Depths:1 | Found an ancient bone altar of Kikubaaqudgha.
 57883 | Depths:1 | Found a bloodstained altar of Trog.
 57893 | Depths:1 | Reached skill level 14 in Spellcasting
 58132 | Depths:1 | Found The Legendary Zofymome's Legendary Smithy.
 58156 | Depths:1 | Found Ziviqos's General Store.
 58170 | Depths:1 | Bought a scroll of fear for 66 gold pieces
 58170 | Depths:1 | Bought a throwing net for 57 gold pieces
 58170 | Depths:1 | Bought a scroll of enchant armour for 142 gold pieces
 58170 | Depths:1 | Bought a +0 cloak of willpower for 218 gold pieces
 58202 | Depths:1 | Found a stormy altar of Qazlal.
 58229 | Depths:1 | Found Sawk's Miraculous Elixirs.
 58303 | Depths:1 | Noticed an ancient lich
 58312 | Depths:1 | Killed an ancient lich
 58566 | Depths:1 | Found an ancient bone altar of Kikubaaqudgha.
 58777 | Depths:2 | Reached skill level 15 in Spellcasting
 58916 | Depths:3 | Found a basalt altar of Yredelemnul.
 59134 | Depths:3 | Reached skill level 16 in Spellcasting
 59272 | Depths:3 | Identified +0 fire dragon scales
 59330 | Depths:3 | Gained mutation: You are somewhat able to resist unholy
                  | torments (1 in 2 success). [demonic ancestry]
 59330 | Depths:3 | Reached XP level 23. HP: 104/194 MP: 28/43
 59566 | Depths:5 | Entered Level 5 of the Depths
 59577 | Depths:5 | Noticed Mennas
 59588 | Depths:5 | Reached skill level 17 in Spellcasting
 59599 | Depths:5 | Killed Mennas
 59677 | Depths:5 | Upgraded the game from 0.27-a0-291-gd9602db6ee to
                  | 0.27-a0-295-ge1136d6ca4
 59706 | Depths:5 | Found a huge runed gate.
 59709 | Depths:5 | Found a huge runed gate.
 59716 | Depths:5 | Found a huge runed gate.
 59716 | Depths:5 | Found a huge runed gate.
 59717 | Depths:5 | Found a huge runed gate.
 59717 | Depths:5 | Found a huge runed gate.
 59717 | Depths:5 | Found a huge runed gate.
 59717 | Depths:5 | Found a huge runed gate.
 59717 | Depths:5 | Found a huge runed gate.
 59720 | Depths:5 | Found a huge runed gate.
 59728 | Depths:5 | Found a huge runed gate.
 59728 | Depths:5 | Found a huge runed gate.
 59728 | Depths:5 | Found a huge runed gate.
 59728 | Depths:5 | Found a huge runed gate.
 59728 | Depths:5 | Found a huge runed gate.
 59728 | Depths:5 | Found a huge runed gate.
 59729 | Depths:5 | Found a huge runed gate.
 59730 | Depths:5 | Found a huge runed gate.
 59749 | Depths:5 | Found a huge runed gate.
 59749 | Depths:5 | Found a huge runed gate.
 59749 | Depths:5 | Found a huge runed gate.
 59749 | Depths:5 | Found a huge runed gate.
 59768 | Depths:5 | Found a huge runed gate.
 59768 | Depths:5 | Found a huge runed gate.
 59768 | Depths:5 | Found a huge runed gate.
 59769 | Depths:5 | Found a huge runed gate.
 59770 | Depths:5 | Found a huge runed gate.
 60149 | Depths:5 | Noticed a juggernaut
 60162 | Depths:5 | Killed a juggernaut
 60163 | Depths:5 | Reached skill level 18 in Spellcasting
 60167 | Depths:5 | Identified +0 fire dragon scales
 60436 | Depths:5 | Found a huge runed gate.
 60436 | Depths:5 | Found a huge runed gate.
 60437 | Depths:5 | Found a huge runed gate.
 60438 | Depths:5 | Found a huge runed gate.
 60441 | Depths:5 | Found a huge runed gate.
 60443 | Depths:5 | Found a huge runed gate.
 60459 | Depths:5 | Found a huge runed gate.
 60460 | Depths:5 | Found a huge runed gate.
 60460 | Depths:5 | Found a huge runed gate.
 60497 | Depths:5 | Identified +0 fire dragon scales
 60503 | Depths:5 | Identified +0 fire dragon scales
 60899 | Depths:5 | Found a gate to the Realm of Zot.
 61939 | Depths:5 | Identified Gauttum's Catalogue of Warped Transformation
 61998 | Depths:5 | Reached skill level 19 in Spellcasting
 63148 | Depths:5 | Noticed Ettaih's ghost (veteran DsIE)
 63148 | Depths:5 | Noticed Jagh's ghost (adept PaDe)
 63148 | Depths:5 | Noticed Tacsoot's ghost (adept DrGl)
 63148 | Depths:5 | Noticed Onnuy's ghost (veteran DsBe)
 63148 | Depths:5 | Noticed Ongus's ghost (veteran TrEE)
 63148 | Depths:5 | Noticed Onnuy's ghost (veteran DsBe)
 63148 | Depths:5 | Noticed Vuurchuto's ghost (veteran GnTm)
 63149 | Depths:5 | Found the brooch of Shielding {Spirit SH+8}
 63149 | Depths:5 | Noticed Weosew's ghost (adept DsVM)
 63149 | Depths:5 | Noticed Onnuy's ghost (veteran DsBe)
 63253 | Depths:4 | Found Gomaruw's Antique Armour Shoppe.
 63268 | Depths:4 | Noticed a juggernaut
 63395 | Depths:4 | Identified a +0 kite shield of resistance
 63549 | Depths:4 | Identified Ziuff's Catalogue of Venomous Dark Rituals
 63586 | Depths:4 | Gained mutation: Spells you cast may paralyse nearby
                  | enemies. [demonic ancestry]
 63586 | Depths:4 | Reached XP level 24. HP: 174/202 MP: 42/46
 63668 | Depths:4 | Reached skill level 20 in Spellcasting
 63688 | Depths:4 | Identified +0 gold dragon scales
 63694 | Depths:4 | Identified the cursed +2 morningstar "Zihimmio" {freeze,
                  | *Corrode rPois MP+9 Str-2}
 63702 | Depths:4 | Noticed a juggernaut
 63714 | Depths:4 | Killed a juggernaut
 63715 | Depths:4 | Reached skill level 11 in Armour
 63748 | Depths:4 | Identified the Volume of the Captivating Snowflakes
 63872 | Depths:4 | Found a gateway to a ziggurat.
 63883 | Depths:4 | Identified +0 storm dragon scales
 64183 | Depths:3 | Found a one-way gate leading to the halls of Pandemonium.
 64403 | Depths:2 | Reached skill level 12 in Armour
 64862 | Depths:2 | Found Hakeih's Book Emporium.
 64862 | Depths:2 | Found Plog's Jewellery Shop.
 64864 | Depths:2 | Found Tamualax's Book Emporium.
 64878 | Depths:2 | Bought a book of Annihilations for 2318 gold pieces
 64882 | Depths:2 | Bought a book of the Tempests for 1610 gold pieces
 65014 | Depths:2 | Learned a level 9 spell: Tornado
 65801 | Vaults:5 | Entered Level 5 of the Vaults
 65915 | Vaults:5 | Identified +0 storm dragon scales
 65916 | Vaults:5 | Reached skill level 1 in Air Magic
 65922 | Vaults:5 | Reached skill level 2 in Air Magic
 65936 | Vaults:5 | Reached skill level 3 in Air Magic
 65966 | Vaults:5 | Identified the cursed +3 long sword of Reapportionment
                  | {drain, Fragile rElec Int+8 Stlth+}
 65979 | Vaults:5 | Paralysed by a floating eye for 3 turns
 65985 | Vaults:5 | Reached skill level 4 in Air Magic
 65999 | Vaults:5 | Reached skill level 5 in Air Magic
 66115 | Vaults:5 | Reached skill level 6 in Air Magic
 66117 | Vaults:5 | Learned a level 1 spell: Apportation
 66386 | Vaults:5 | Reached skill level 7 in Air Magic
 66418 | Vaults:5 | Identified +0 shadow dragon scales
 66421 | Vaults:5 | Reached skill level 8 in Air Magic
 66695 | Vaults:5 | Reached skill level 9 in Air Magic
 66776 | Vaults:5 | Gained mutation: Spells you cast and wands you use may
                  | paralyse nearby enemies. [demonic ancestry]
 66776 | Vaults:5 | Reached XP level 25. HP: 184/208 MP: 42/47
 66792 | Vaults:5 | Reached skill level 10 in Air Magic
 66868 | Vaults:5 | Identified the cursed +0 war axe of Hubris {antimagic,
                  | Dex+8}
 66921 | Vaults:5 | Identified +0 shadow dragon scales
 66931 | Vaults:5 | Reached skill level 11 in Air Magic
 66946 | Vaults:5 | Found the +5 demon whip "Spellbinder" {antimagic, Will+}
 67273 | Vaults:5 | Found Essupo's Distillery.
 67287 | Vaults:5 | Reached skill level 12 in Air Magic
 67292 | Vaults:5 | Bought a potion of heal wounds for 55 gold pieces
 67292 | Vaults:5 | Bought a potion of heal wounds for 55 gold pieces
 67292 | Vaults:5 | Bought 2 potions of heal wounds for 110 gold pieces
 67325 | Vaults:5 | Found Xyrosef's Magic Scroll Shoppe.
 67330 | Vaults:5 | Bought a scroll of teleportation for 57 gold pieces
 67330 | Vaults:5 | Bought a scroll of enchant armour for 142 gold pieces
 67618 | Vaults:5 | Got a silver rune of Zot
 67758 | Vaults:5 | Found Luin's Magic Scroll Boutique.
 67763 | Vaults:5 | Bought 3 scrolls of teleportation for 180 gold pieces
 67763 | Vaults:5 | Bought a scroll of immolation for 70 gold pieces
 67763 | Vaults:5 | Bought a scroll of magic mapping for 70 gold pieces
 67908 | Vaults:5 | Identified the +5 short sword of Imirr {antimagic, rElec
                  | rPois rF- rC+++}
 68288 | Vaults:5 | Found Essupo's Distillery.
 68304 | Vaults:5 | Found Luin's Magic Scroll Boutique.
 68431 | Vaults:5 | Found Xyrosef's Magic Scroll Shoppe.
 68979 | Vaults:5 | Found Luin's Magic Scroll Boutique.
 69000 | Vaults:5 | Found Essupo's Distillery.
 69017 | Vaults:5 | Found Xyrosef's Magic Scroll Shoppe.
 69628 | Depths:4 | Killed Tacsoot's ghost
 69682 | Depths:4 | Killed Vuurchuto's ghost
 70291 | Depths:4 | Found Gomaruw's Antique Armour Shoppe.
 70359 | Depths:4 | Found a gateway to a ziggurat.
 71042 | Depths:5 | Killed Ongus's ghost
 71043 | Depths:5 | Reached skill level 13 in Air Magic
 71059 | Depths:5 | Identified +0 shadow dragon scales
 71137 | Depths:5 | Killed Onnuy's ghost
 71143 | Depths:5 | Got a clouded bronze ring
 71155 | Depths:5 | Got a scintillating jade ring
 71196 | Depths:5 | Killed Ettaih's ghost
 71242 | Depths:5 | Killed Onnuy's ghost
 71251 | Depths:5 | Killed Weosew's ghost
 71702 | Depths:5 | Killed Jagh's ghost
 71812 | Depths:5 | Killed Onnuy's ghost
 71813 | Depths:5 | Reached skill level 14 in Air Magic
 72110 | Crypt:1  | Entered Level 1 of the Crypt
 72132 | Crypt:1  | Acquired the +2 hat "Jamee" {rN+ Will+ Int+5 Dex-4}
 72337 | Crypt:1  | Identified the ring of Esiqiry {Will+ Int+4} (You found it
                  | on level 5 of the Depths)
 72339 | Crypt:1  | Identified the ring of Life {rF+ Will++} (You found it on
                  | level 5 of the Depths)
 73319 | Crypt:2  | Reached skill level 15 in Air Magic
 73830 | Crypt:2  | Noticed a dread lich
 73838 | Crypt:2  | Killed a dread lich
 73839 | Crypt:2  | Reached skill level 16 in Air Magic
 73839 | Crypt:2  | Gained mutation: Your melee attacks may debilitate your
                  | foes. [demonic ancestry]
 73839 | Crypt:2  | Reached XP level 26. HP: 216/216 MP: 47/47
 73990 | Crypt:3  | Entered Level 3 of the Crypt
 74156 | Crypt:3  | Found the +8 demon trident "Rift" {distort, reach+}
 74157 | Crypt:3  | Found the +9 scales of the Dragon King {rPois rF+ rC+
                  | Will+}
 74178 | Crypt:3  | Got a faintly glowing steel ring
 74261 | Crypt:3  | Identified the cursed +1 robe of Ravvin {+Fly Regen+ Dex+3
                  | Slay+2} (You found it on level 3 of the Crypt)
 74363 | Crypt:3  | Identified the +5 plate armour "Orhiwkod" {Dex+3} (You
                  | found it on level 3 of the Crypt)
 74512 | Crypt:3  | Found the +6 Majin-Bo {vamp, MP+6 Int+6}
 74682 | Crypt:3  | Found an ancient bone altar of Kikubaaqudgha.
 74694 | Crypt:3  | Noticed an ancient lich
 74703 | Crypt:3  | Killed an ancient lich
 74704 | Crypt:3  | Reached skill level 17 in Air Magic
 74731 | Crypt:3  | Noticed a dread lich
 74745 | Crypt:3  | Killed a dread lich
 75043 | Crypt:3  | Found a staircase to the Tomb.
 75089 | Crypt:3  | Identified the cursed +1 ring mail of Gluttony {rN++} (You
                  | found it on level 3 of the Crypt)
 75091 | Crypt:3  | Identified the ring "Fypeonapp" {rC+ Int+6} (You found it
                  | on level 3 of the Crypt)
 75149 | Crypt:3  | Identified the Reference Book on Attacks and Dislocation
 75620 | Crypt:3  | Identified the +2 leather armour of Wrong Decisions {*Slow
                  | rCorr Str+10 Dex-2} (You found it on level 3 of the Crypt)
 76397 | Zot:1    | Entered Level 1 of the Realm of Zot
 76408 | Zot:1    | Reached skill level 18 in Air Magic
 77005 | Zot:1    | Reached skill level 13 in Armour
 77247 | Zot:1    | Reached skill level 19 in Air Magic
 77269 | Zot:1    | Identified +0 shadow dragon scales
 77675 | Zot:2    | Identified +0 gold dragon scales
 77687 | Zot:2    | HP: 20/212 [??? (10)]
 77704 | Zot:2    | Reached skill level 14 in Armour
 77704 | Zot:2    | Reached XP level 27. HP: 52/222 MP: 5/47
 78697 | Zot:3    | Identified quicksilver dragon scales
 78838 | Zot:3    | Found a runed translucent gate.
 78839 | Zot:3    | Found a runed translucent gate.
 78841 | Zot:3    | Found a runed translucent gate.
 78843 | Zot:3    | Noticed anything's ghost (master HOMo)
 79869 | Zot:3    | Reached skill level 20 in Air Magic
 79896 | Zot:3    | Reached skill level 15 in Armour
 79933 | Zot:3    | Killed anything's ghost
 80628 | Zot:3    | Got a pair of faintly humming gloves
 80639 | Zot:3    | Identified the cursed +0 pair of gloves "Cumink" {Will+
                  | SInv} (You found it on level 3 of the Realm of Zot)
 81407 | Zot:4    | Identified +0 storm dragon scales
 81527 | Zot:5    | Entered Level 5 of the Realm of Zot
 81569 | Zot:5    | Reached skill level 16 in Armour
 82011 | Zot:5    | Reached skill level 21 in Air Magic
 82015 | Zot:5    | Noticed a dread lich
 82027 | Zot:5    | Killed a dread lich
 82083 | Zot:5    | Noticed an orb of fire
 82094 | Zot:5    | Killed an orb of fire
 82100 | Zot:5    | Reached skill level 17 in Armour
 82234 | Zot:5    | Identified +0 shadow dragon scales
 82543 | Zot:5    | Noticed an orb of fire
 82543 | Zot:5    | Noticed an ancient lich
 82548 | Zot:5    | Gained mutation: You are clumsy. (Dex -2) [an orb of fire]
 82551 | Zot:5    | Lost mutation: You are clumsy. (Dex -2) [an orb of fire]
 82552 | Zot:5    | Killed an orb of fire
 82554 | Zot:5    | Killed an ancient lich
 82557 | Zot:5    | Noticed an ancient lich
 82559 | Zot:5    | Identified +0 storm dragon scales
 82562 | Zot:5    | Noticed a dread lich
 82566 | Zot:5    | Killed an ancient lich
 82568 | Zot:5    | Noticed an orb of fire
 82573 | Zot:5    | Killed a dread lich
 82574 | Zot:5    | Reached skill level 18 in Armour
 82574 | Zot:5    | Reached skill level 22 in Air Magic
 82582 | Zot:5    | Killed an orb of fire
 82613 | Zot:5    | Noticed an ancient lich
 82621 | Zot:5    | Killed an ancient lich
 82651 | Zot:5    | Noticed a dread lich
 82664 | Zot:5    | Killed a dread lich
 83665 | Hell     | Entered the Vestibule of Hell
 83815 | Hell     | Reached skill level 19 in Armour
 83837 | Hell     | Noticed Geryon
 83859 | Hell     | Killed Geryon
 83894 | Hell     | Found a gateway to the freezing wastes of Cocytus.
 83943 | Hell     | Found a gateway to the Iron City of Dis.
 84002 | Hell     | Found a gateway to the ashen valley of Gehenna.
 84034 | Hell     | Found a gateway to the decaying netherworld of Tartarus.
 84321 | Hell     | Learned a level 4 spell: Airstrike
 84373 | Hell     | Learned a level 9 spell: Absolute Zero
 84976 | Slime:1  | Entered Level 1 of the Pits of Slime
 85040 | Slime:1  | Reached skill level 23 in Air Magic
 86757 | Slime:3  | Reached skill level 1 in Ice Magic
 86861 | Slime:4  | Reached skill level 2 in Ice Magic
 87503 | Slime:4  | Reached skill level 3 in Ice Magic
 87832 | Slime:3  | Noticed Dissolution
 87839 | Slime:3  | Killed Dissolution
 87840 | Slime:3  | Reached skill level 4 in Ice Magic
 87911 | Slime:5  | Entered Level 5 of the Pits of Slime
 88153 | Slime:5  | Reached skill level 20 in Armour
 88153 | Slime:5  | Reached skill level 5 in Ice Magic
 88543 | Slime:5  | Noticed the Royal Jelly
 88556 | Slime:5  | Reached skill level 6 in Ice Magic
 89098 | Slime:5  | Found a viscous altar of Jiyva.
 89109 | Slime:5  | Found the +7 captain's cutlass {speed, disarm}
 89131 | Slime:5  | Gained mutation: Your spells are a little harder to cast,
                  | but a little more powerful. [a shining eye]
 89133 | Slime:5  | Gained mutation: You are occasionally teleported next to
                  | monsters. [a shining eye]
 89137 | Slime:5  | Lost mutation: Your spells are a little harder to cast, but
                  | a little more powerful. [potion of mutation]
 89137 | Slime:5  | Lost mutation: You are occasionally teleported next to
                  | monsters. [potion of mutation]
 89493 | Slime:5  | Killed the Royal Jelly
 89494 | Slime:5  | Reached skill level 7 in Ice Magic
 89716 | Slime:5  | Got a slimy rune of Zot
 89746 | Slime:5  | Got a heavily runed granite ring
 89767 | Slime:5  | Got a heavily runed platinum ring
 89801 | Slime:5  | Got a shimmering pewter ring
 90046 | Slime:5  | Identified the ring "Yplef" {Int+5 Dex+2 SInv} (You found
                  | it on level 5 of the Pits of Slime)
 90243 | Lair:2   | Identified the ring "Uhecox" {rC+ Str-3 Dex+5 SInv} (You
                  | found it on level 5 of the Pits of Slime)
 90246 | Lair:2   | Identified the ring of Relativism {rElec rPois rN+ Dex+6
                  | Stlth-} (You found it on level 5 of the Pits of Slime)
 90640 | Dis:1    | Entered Level 1 of the Iron City of Dis
 90844 | Dis:3    | Reached skill level 8 in Ice Magic
 91220 | Dis:7    | Entered Level 7 of the Iron City of Dis
 91303 | Dis:7    | Reached skill level 9 in Ice Magic
 91536 | Dis:7    | Reached skill level 21 in Armour
 91686 | Dis:7    | Reached skill level 10 in Ice Magic
 91835 | Dis:7    | Reached skill level 11 in Ice Magic
 92293 | Dis:7    | Identified the ring of the Sun {*Corrode rElec MP+9 EV+4}
 92374 | Dis:7    | Reached skill level 12 in Ice Magic
 92655 | Dis:7    | Found the +4 staff of Dispater
 92655 | Dis:7    | Noticed Dispater
 92693 | Dis:7    | Killed Dispater
 92694 | Dis:7    | Reached skill level 13 in Ice Magic
 92945 | Dis:7    | Got an iron rune of Zot
 93128 | Dis:7    | Reached skill level 14 in Ice Magic
 93351 | Dis:7    | Reached skill level 15 in Ice Magic
 94399 | Coc:1    | Entered Level 1 of Cocytus
 94557 | Coc:3    | Reached skill level 16 in Ice Magic
 94774 | Coc:7    | Entered Level 7 of Cocytus
 94945 | Coc:7    | Reached skill level 17 in Ice Magic
 94947 | Coc:7    | Identified +0 ice dragon scales
 94959 | Coc:7    | Identified +0 ice dragon scales
 95314 | Coc:7    | Reached skill level 18 in Ice Magic
 95667 | Coc:7    | Identified +0 ice dragon scales
 95724 | Coc:7    | Reached skill level 19 in Ice Magic
 95757 | Coc:7    | Noticed Antaeus
 96266 | Coc:7    | Reached skill level 20 in Ice Magic
 96348 | Coc:7    | Killed Antaeus
 96391 | Coc:7    | Got an icy rune of Zot
 96427 | Coc:7    | Identified the +1 chain mail "Difais" {Str+4} (You found it
                  | on level 7 of Cocytus)
 96705 | Hell     | Acquired 953 gold pieces
 96784 | Hell     | Reached skill level 21 in Ice Magic
 96814 | Geh:1    | Entered Level 1 of Gehenna
 97088 | Geh:1    | Learned a level 2 spell: Sublimation of Blood
 97135 | Geh:2    | Reached skill level 1 in Necromancy
 97192 | Geh:3    | Reached skill level 2 in Necromancy
 97203 | Geh:4    | Learned a level 2 spell: Blink
 97257 | Geh:4    | Reached skill level 3 in Necromancy
 97344 | Geh:4    | Reached skill level 4 in Necromancy
 97395 | Geh:4    | Reached skill level 5 in Necromancy
 97452 | Geh:4    | Reached skill level 6 in Necromancy
 97561 | Geh:7    | Entered Level 7 of Gehenna
 97789 | Geh:7    | Reached skill level 7 in Necromancy
 97835 | Geh:7    | Reached skill level 22 in Ice Magic
 97902 | Geh:7    | Reached skill level 8 in Necromancy
 98030 | Geh:7    | Identified the ring of Qawais {Will+ Int+3 Stlth+}
 98063 | Geh:7    | Reached skill level 9 in Necromancy
 98300 | Geh:7    | Identified the +5 broad axe "Tiufaimoarph" {vorpal, Dex+7}
 98371 | Geh:7    | Found the +7 sceptre of Asmodeus
 98371 | Geh:7    | Identified the ring "Fosearch" {rC+ Int+3}
 98371 | Geh:7    | Noticed Asmodeus
 98372 | Geh:7    | Killed Asmodeus
 98373 | Geh:7    | Reached skill level 10 in Necromancy
 98390 | Geh:7    | Got an obsidian rune of Zot
 98571 | Geh:7    | Reached skill level 23 in Ice Magic
 99419 | Tar:1    | Entered Level 1 of Tartarus
 99568 | Tar:1    | Reached skill level 24 in Ice Magic
100136 | Tar:2    | Reached skill level 22 in Armour
100283 | Tar:2    | Reached skill level 1 in Throwing
100362 | Tar:2    | Reached skill level 2 in Throwing
100415 | Tar:2    | Reached skill level 3 in Throwing
100531 | Tar:3    | Reached skill level 4 in Throwing
100764 | Tar:6    | Reached skill level 5 in Throwing
100803 | Tar:7    | Entered Level 7 of Tartarus
100911 | Tar:7    | Identified a +1 robe of the Archmagi
100917 | Tar:7    | Reached skill level 6 in Throwing
100938 | Tar:7    | Reached skill level 7 in Throwing
100957 | Tar:7    | Reached skill level 24 in Air Magic
101647 | Tar:4    | Reached skill level 8 in Throwing
101950 | Tar:5    | Reached skill level 9 in Throwing
102175 | Tar:7    | Got a smoking turquoise ring
102179 | Tar:7    | Identified the ring of Thoughtfulness {Fire rPois MP-9
                  | Slay+5 Stlth+} (You found it on level 7 of Tartarus)
102283 | Tar:7    | Identified +0 shadow dragon scales
102286 | Tar:7    | Reached skill level 10 in Throwing
102756 | Tar:7    | Noticed Ereshkigal
102759 | Tar:7    | Killed Ereshkigal
102760 | Tar:7    | Reached skill level 11 in Throwing
102763 | Tar:7    | Reached skill level 25 in Ice Magic
102793 | Tar:7    | Got a bone rune of Zot
103170 | Tar:7    | Got a pair of heavily runed gloves
103171 | Tar:7    | Identified the +2 pair of gloves of Inaction {Rampage rF+
                  | Regen+ Stlth-} (You found it on level 7 of Tartarus)
103232 | Tar:7    | Reached skill level 12 in Throwing
103232 | Tar:7    | Reached skill level 23 in Armour
103425 | Tar:7    | Identified Guacwooh's Incunabulum of Blistering Beguiling
103429 | Tar:7    | Identified the +3 scale mail of Wuilin {-Cast +Fly rN++
                  | Int+3} (You found it on level 7 of Tartarus)
103431 | Tar:7    | Got a crude turquoise ring
103432 | Tar:7    | Identified the ring of Ebruf {rF+ Will+ Str-4 Dex+6} (You
                  | found it on level 7 of Tartarus)
103545 | Tar:7    | Noticed a dread lich
103545 | Tar:7    | Noticed a dread lich
103546 | Tar:7    | Found the ring of the Hare {EV+8}
103546 | Tar:7    | Found the +11 plutonium sword {*Contam Stlth-}
103566 | Tar:7    | Killed a dread lich
103570 | Tar:7    | Killed a dread lich
104864 | Pan      | Entered Pandemonium
104873 | Pan      | Noticed Ihesmi Piyb the pandemonium lord
104897 | Pan      | Killed Ihesmi Piyb the pandemonium lord
104908 | Pan      | Acquired the +1 helmet "Marchome" {rPois rC+ rN++ Stlth-}
105130 | Pan      | Reached skill level 13 in Throwing
105310 | Pan      | Noticed Panos the pandemonium lord
105318 | Pan      | Killed Panos the pandemonium lord
105549 | Pan      | Gained mutation: You occasionally shout uncontrollably at
                  | your foes. [a cacodemon]
105716 | Pan      | Reached skill level 25 in Air Magic
105815 | Pan      | Noticed Gionk the pandemonium lord
105823 | Pan      | Killed Gionk the pandemonium lord
106085 | Pan      | Gained mutation: Your magical capacity is low. (-10% MP) [a
                  | neqoxec]
106314 | Pan      | Noticed Woogos the pandemonium lord
106332 | Pan      | Killed Woogos the pandemonium lord
106640 | Pan      | Found a huge runed translucent gate.
106641 | Pan      | Found a huge runed translucent gate.
106666 | Pan      | Found a huge runed translucent gate.
106667 | Pan      | Found a huge runed translucent gate.
106668 | Pan      | Found a huge runed translucent gate.
106669 | Pan      | Found a huge runed translucent gate.
106670 | Pan      | Found a huge runed translucent gate.
106685 | Pan      | Noticed Jyfa the pandemonium lord
106703 | Pan      | Reached skill level 14 in Throwing
106703 | Pan      | Paralysed by a floating eye for 2 turns
106714 | Pan      | Killed Jyfa the pandemonium lord
107060 | Pan      | Noticed Ocsoiri the pandemonium lord
107061 | Pan      | Killed Ocsoiri the pandemonium lord
107062 | Pan      | Reached skill level 26 in Ice Magic
107335 | Pan      | Learned a level 7 spell: Ozocubu's Refrigeration
107346 | Pan      | Reached skill level 24 in Armour
107625 | Pan      | Identified the +2 shortbow of Capital Punishment {venom,
                  | +Blink Will- Str+5}
107625 | Pan      | Identified the ring of Watuedut {Ice rElec Str+2}
107631 | Pan      | Noticed Jural the pandemonium lord
107640 | Pan      | Killed Jural the pandemonium lord
108039 | Pan      | Found an exit through the horrors of the Abyss.
108101 | Pan      | Noticed Dofataon the pandemonium lord
108102 | Pan      | Killed Dofataon the pandemonium lord
108215 | Pan      | Identified +2 acid dragon scales
108739 | Pan      | Found a huge runed translucent gate.
108810 | Pan      | Found a huge runed translucent gate.
108811 | Pan      | Found a huge runed translucent gate.
108811 | Pan      | Found a huge runed translucent gate.
108811 | Pan      | Found a huge runed translucent gate.
108811 | Pan      | Found a huge runed translucent gate.
108812 | Pan      | Found a huge runed translucent gate.
108818 | Pan      | Noticed Qiqudd the pandemonium lord
108833 | Pan      | Killed Qiqudd the pandemonium lord
109022 | Pan      | Reached skill level 26 in Air Magic
109024 | Pan      | Gained mutation: Scrolls take you a little longer to read.
                  | [a cacodemon]
109195 | Pan      | Identified the +1 leather armour "Vyepruibb" {rN+ Will+}
                  | (You found it in Pandemonium)
109265 | Pan      | Noticed Rora Ung the pandemonium lord
109275 | Pan      | Killed Rora Ung the pandemonium lord
109316 | Pan      | Identified +2 gold dragon scales (You found it in
                  | Pandemonium)
109505 | Pan      | Noticed Detost Wosku the pandemonium lord
109521 | Pan      | HP: 15/222 [acid (9)]
109530 | Pan      | Found an exit through the horrors of the Abyss.
109643 | Pan      | Killed Detost Wosku the pandemonium lord
109887 | Pan      | Reached skill level 16 in Shields
110081 | Pan      | Gained mutation: Your spells are a little easier to cast,
                  | but a little less powerful. [a cacodemon]
110085 | Pan      | Noticed Ziacuc the pandemonium lord
110092 | Pan      | Killed Ziacuc the pandemonium lord
110093 | Pan      | Reached skill level 25 in Armour
110173 | Pan      | Noticed Nucw the pandemonium lord
110199 | Pan      | Killed Nucw the pandemonium lord
110277 | Pan      | Entered the realm of Cerebov.
110544 | Pan      | Reached skill level 21 in Spellcasting
110576 | Pan      | Found the +6 sword of Cerebov {flame}
110576 | Pan      | Noticed Cerebov
110629 | Pan      | Killed Cerebov
110647 | Pan      | Got a vibrating wooden ring
110650 | Pan      | Identified the ring "Inufilla" {Str+6 SInv} (You found it
                  | in Pandemonium)
110754 | Pan      | Reached skill level 17 in Shields
110778 | Pan      | Got a fiery rune of Zot
110831 | Pan      | Identified the +1 chain mail of Imperfection {rF+ Int+4}
                  | (You found it in Pandemonium)
110836 | Pan      | Identified the Grimoire of the Eight Boll Weevils
111417 | Pan      | Identified +0 acid dragon scales
112208 | Pan      | Reached skill level 20 in Fighting
112955 | Pan      | Acquired 754 gold pieces
112958 | Pan      | Acquired 758 gold pieces
112961 | Pan      | Acquired a Necronomicon
112972 | Pan      | Learned a level 9 spell: Death's Door
112986 | Pan      | Learned a level 8 spell: Necromutation
112995 | Pan      | Learned a level 8 spell: Borgnjor's Revivification
113093 | Pan      | Noticed Esomam the pandemonium lord
113100 | Pan      | Killed Esomam the pandemonium lord
113104 | Pan      | Identified the +8 triple crossbow "Pono" {flame, Str+5}
113287 | Pan      | Reached skill level 21 in Fighting
113289 | Pan      | Reached skill level 11 in Necromancy
113440 | Pan      | Reached skill level 26 in Armour
113546 | Pan      | Gained mutation: You are robust. (+10% HP) [a neqoxec]
113683 | Pan      | Noticed Ykiennis the pandemonium lord
113685 | Pan      | Killed Ykiennis the pandemonium lord
113717 | Pan      | Reached skill level 12 in Necromancy
113949 | Pan      | Noticed Ajeitiwa the pandemonium lord
113950 | Pan      | Reached skill level 22 in Fighting
113951 | Pan      | Killed Ajeitiwa the pandemonium lord
113960 | Pan      | Reached skill level 13 in Necromancy
114077 | Pan      | Got a demonic rune of Zot
114140 | Pan      | Identified the +0 ring mail of Intercession {Harm Will-
                  | Str+6} (You found it in Pandemonium)
114227 | Pan      | Got a dazzling helmet
114261 | Pan      | Identified the +0 helmet of Unambiguity {rF+ rN++ Will+}
                  | (You found it in Pandemonium)
114330 | Pan      | Found an exit through the horrors of the Abyss.
114340 | Pan      | Noticed Nezoth the pandemonium lord
114346 | Pan      | Killed Nezoth the pandemonium lord
114348 | Pan      | Reached skill level 14 in Necromancy
114790 | Pan      | Reached skill level 23 in Fighting
114852 | Pan      | Found a transporter.
114867 | Pan      | Found a transporter.
114943 | Pan      | Reached skill level 1 in Transmutations
114976 | Pan      | Reached skill level 2 in Transmutations
115107 | Pan      | Found a transporter.
115109 | Pan      | Found a transporter.
115119 | Pan      | Reached skill level 3 in Transmutations
115125 | Pan      | Found a transporter.
115129 | Pan      | Identified the ring "Lacol" {Fire Str+3 Dex+3 Stlth+}
115193 | Pan      | Reached skill level 15 in Necromancy
115304 | Pan      | Found an exit through the horrors of the Abyss.
115485 | Pan      | Reached skill level 4 in Transmutations
115756 | Pan      | Reached skill level 5 in Transmutations
115773 | Pan      | Reached skill level 6 in Transmutations
116064 | Pan      | Identified the +0 cloak of Hangman {Harm Rampage +Inv} (You
                  | found it in Pandemonium)
116087 | Pan      | Acquired 981 gold pieces
116191 | Pan      | Reached skill level 16 in Necromancy
116198 | Pan      | Entered the realm of Mnoleg.
116488 | Pan      | Paralysed by a floating eye for 4 turns
116494 | Pan      | Reached skill level 7 in Transmutations
116505 | Pan      | Lost mutation: You are robust. (+10% HP) [a cacodemon]
116511 | Pan      | Noticed Mnoleg
116514 | Pan      | Killed Mnoleg
116515 | Pan      | Reached skill level 8 in Transmutations
116527 | Pan      | Gained mutation: You are weak. (Str -2) [a cacodemon]
116581 | Pan      | Got a glowing rune of Zot
116856 | Pan      | Reached skill level 17 in Necromancy
117071 | Pan      | Paralysed by a floating eye for 4 turns
117073 | Pan      | Gained mutation: Scrolls take you longer to read. [a
                  | neqoxec]
117155 | Pan      | Reached skill level 9 in Transmutations
117161 | Pan      | Found a runed translucent door.
117166 | Pan      | Found a runed translucent door.
117172 | Pan      | Found a runed translucent door.
117172 | Pan      | Found a runed translucent door.
117251 | Pan      | Noticed Itsor the pandemonium lord
117255 | Pan      | Killed Itsor the pandemonium lord
117327 | Pan      | Noticed Lammaoq the pandemonium lord
117349 | Pan      | Killed Lammaoq the pandemonium lord
117351 | Pan      | Gained mutation: You are dopey. (Int -2) [a cacodemon]
117362 | Pan      | Reached skill level 10 in Transmutations
117532 | Pan      | Noticed Daplamiu the pandemonium lord
117535 | Pan      | Reached skill level 18 in Necromancy
117544 | Pan      | Gained mutation: Your magical capacity is very low. (-20%
                  | MP) [a cacodemon]
117970 | Pan      | Gained mutation: Your flesh is heat resistant. (rF+) [a
                  | neqoxec]
118062 | Pan      | Killed Daplamiu the pandemonium lord
118560 | Pan      | Gained mutation: You sometimes yell uncontrollably at your
                  | foes. [a neqoxec]
119073 | Pan      | Entered the realm of Gloorx Vloq.
119106 | Pan      | Reached skill level 19 in Necromancy
119106 | Pan      | Reached skill level 11 in Transmutations
119634 | Pan      | Reached skill level 12 in Transmutations
120017 | Pan      | Reached skill level 20 in Necromancy
120150 | Pan      | Noticed Gloorx Vloq
120152 | Pan      | Killed Gloorx Vloq
120191 | Pan      | Got a dark rune of Zot
120242 | Pan      | Lost mutation: You are dopey. (Int -2) [potion of mutation]
120242 | Pan      | Lost mutation: You sometimes yell uncontrollably at your
                  | foes. [potion of mutation]
120242 | Pan      | Lost mutation: Scrolls take you longer to read. [potion of
                  | mutation]
120243 | Pan      | Lost mutation: Scrolls take you a little longer to read.
                  | [potion of mutation]
120243 | Pan      | Lost mutation: You occasionally shout uncontrollably at
                  | your foes. [potion of mutation]
120243 | Pan      | Lost mutation: You are somewhat resistant to further
                  | mutation. [potion of mutation]
120243 | Pan      | Lost mutation: Your magical capacity is very low. (-20% MP)
                  | [potion of mutation]
120243 | Pan      | Gained mutation: You are agile. (Dex +2) [potion of
                  | mutation]
120244 | Pan      | Lost mutation: Your magical capacity is low. (-10% MP)
                  | [potion of mutation]
120244 | Pan      | Lost mutation: You are agile. (Dex +2) [potion of mutation]
120244 | Pan      | Lost mutation: You are weak. (Str -2) [potion of mutation]
120244 | Pan      | Lost mutation: Your flesh is heat resistant. (rF+) [potion
                  | of mutation]
120244 | Pan      | Gained mutation: Your magical capacity is low. (-10% MP)
                  | [potion of mutation]
120244 | Pan      | Gained mutation: Your body sometimes deteriorates upon
                  | taking damage. [potion of mutation]
120244 | Pan      | Gained mutation: You evolve. [potion of mutation]
120244 | Pan      | Gained mutation: You rapidly evolve. [potion of mutation]
120245 | Pan      | Lost mutation: You rapidly evolve. [potion of mutation]
120245 | Pan      | Lost mutation: Your magical capacity is low. (-10% MP)
                  | [potion of mutation]
120245 | Pan      | Lost mutation: Your body sometimes deteriorates upon taking
                  | damage. [potion of mutation]
120245 | Pan      | Lost mutation: You evolve. [potion of mutation]
120245 | Pan      | Gained mutation: Your mind is acute. (Int +2) [potion of
                  | mutation]
120245 | Pan      | Gained mutation: You have an increased reservoir of magic.
                  | (+10% MP) [potion of mutation]
120245 | Pan      | Lost mutation: Your mind is acute. (Int +2) [potion of
                  | mutation]
120245 | Pan      | Gained mutation: You are robust. (+10% HP) [potion of
                  | mutation]
120318 | Pan      | Entered the realm of Lom Lobon.
120386 | Pan      | Reached skill level 13 in Transmutations
120461 | Pan      | Noticed Lom Lobon
120469 | Pan      | Killed Lom Lobon
120478 | Pan      | Got a magical rune of Zot
121468 | Pan      | Reached skill level 21 in Necromancy
121574 | Pan      | Reached skill level 14 in Transmutations
121597 | Pan      | Identified the +0 scale mail of Recklessness {Stlth+}
121607 | Pan      | Reached skill level 16 in Invocations
121654 | Pan      | Identified the -2 cloak of Zin's Benevolence {rF+ rN+} (You
                  | found it in Pandemonium)
121762 | Pan      | Reached skill level 17 in Invocations
121929 | Pan      | Identified the +5 ring mail of Slovenliness {+Inv Will+
                  | Dex-4} (You found it in Pandemonium)
121933 | Pan      | Upgraded the game from 0.27-a0-295-ge1136d6ca4 to
                  | 0.27-a0-328-g7f782ed93a
122079 | Pan      | Reached skill level 18 in Invocations
122766 | Pan      | Reached skill level 19 in Invocations
123127 | Pan      | Identified the +10 falchion of Valiance {protect, Will+
                  | Int+6 Dex+4}
123569 | Pan      | Reached skill level 20 in Invocations
123615 | Pan      | Noticed Meupn the pandemonium lord
123617 | Pan      | Killed Meupn the pandemonium lord
123772 | Pan      | Reached skill level 21 in Invocations
123836 | Pan      | Noticed Daegi the pandemonium lord
123878 | Pan      | Killed Daegi the pandemonium lord
123879 | Pan      | Reached skill level 22 in Invocations
124316 | Pan      | Identified the Volume of Unholy Intoxication
124700 | Pan      | Found a runed translucent door.
124729 | Pan      | Reached skill level 23 in Invocations
125225 | Pan      | Found an exit through the horrors of the Abyss.
125428 | Pan      | Noticed Qibal the pandemonium lord
125441 | Pan      | Reached skill level 24 in Invocations
125446 | Pan      | Killed Qibal the pandemonium lord
125568 | Pan      | Took an exit into the Abyss.
125568 | Abyss:1  | Escaped into the Abyss
125651 | Abyss:2  | Found a transporter.
125651 | Abyss:2  | Found a corrupted altar of Lugonu.
125651 | Abyss:2  | Found a transporter.
125710 | Abyss:2  | Identified the amulet "Yskiboe" {RegenMP rC+ Str-3 Stlth+}
                  | (You found it on level 2 of the Abyss)
125776 | Abyss:2  | Found a transporter.
125797 | Abyss:2  | Found a transporter.
125913 | Abyss:3  | Reached skill level 25 in Invocations
125932 | Abyss:4  | Found a corrupted altar of Lugonu.
125956 | Abyss:5  | Entered Level 5 of the Abyss
126058 | Abyss:5  | Found a corrupted altar of Lugonu.
126077 | Abyss:5  | Gained mutation: You expend magic power (3 MP) to
                  | strengthen your wands. [a neqoxec]
126077 | Abyss:5  | Gained mutation: You are weak. (Str -2) [a neqoxec]
126085 | Abyss:5  | Got an abyssal rune of Zot
126215 | Abyss:5  | Reached skill level 26 in Invocations
126222 | Depths:2 | Escaped the Abyss
127357 | Tomb:1   | Entered Level 1 of the Tomb of the Ancients
127691 | Tomb:1   | Noticed a royal mummy
127704 | Tomb:1   | Killed a royal mummy
127715 | Tomb:1   | Noticed a royal mummy
127720 | Tomb:1   | Noticed a royal mummy
127727 | Tomb:1   | Killed a royal mummy
127729 | Tomb:1   | Reached skill level 27 in Invocations
127734 | Tomb:1   | Killed a royal mummy
128186 | Tomb:2   | Noticed a royal mummy
128190 | Tomb:2   | Noticed a royal mummy
128190 | Tomb:2   | Noticed a royal mummy
128192 | Tomb:2   | Noticed a royal mummy
128196 | Tomb:2   | Killed a royal mummy
128204 | Tomb:2   | Killed a royal mummy
128266 | Tomb:2   | Killed a royal mummy
128607 | Tomb:2   | Killed a royal mummy
128873 | Tomb:1   | Noticed a royal mummy
128873 | Tomb:1   | Noticed a royal mummy
128873 | Tomb:1   | Noticed a royal mummy
128874 | Tomb:1   | Noticed a royal mummy
128878 | Tomb:1   | Noticed a royal mummy
128879 | Tomb:1   | Noticed a royal mummy
128881 | Tomb:1   | Reached skill level 22 in Spellcasting
128881 | Tomb:1   | Noticed a royal mummy
128883 | Tomb:1   | Killed a royal mummy
128888 | Tomb:1   | Killed a royal mummy
128893 | Tomb:1   | Killed a royal mummy
128894 | Tomb:1   | Killed a royal mummy
128895 | Tomb:1   | Noticed a royal mummy
128901 | Tomb:1   | Killed a royal mummy
128902 | Tomb:1   | Killed a royal mummy
128902 | Tomb:1   | Killed a royal mummy
128902 | Tomb:1   | Killed a royal mummy
128902 | Tomb:1   | Noticed a royal mummy
128904 | Tomb:1   | Killed a royal mummy
129041 | Tomb:1   | Noticed a royal mummy
129042 | Tomb:1   | Killed a royal mummy
129058 | Tomb:1   | Noticed a royal mummy
129059 | Tomb:1   | Killed a royal mummy
129081 | Tomb:1   | Noticed a royal mummy
129082 | Tomb:1   | Killed a royal mummy
129082 | Tomb:1   | Noticed a royal mummy
129083 | Tomb:1   | Noticed a royal mummy
129084 | Tomb:1   | Killed a royal mummy
129089 | Tomb:1   | Killed a royal mummy
129333 | Tomb:1   | Noticed a royal mummy
129334 | Tomb:1   | Killed a royal mummy
129335 | Tomb:1   | Noticed a royal mummy
129337 | Tomb:1   | Killed a royal mummy
129746 | Tomb:2   | Reached skill level 27 in Armour
130549 | Lair:2   | Learned a level 9 spell: Shatter
131357 | Tomb:3   | Entered Level 3 of the Tomb of the Ancients
131361 | Tomb:3   | Reached skill level 1 in Earth Magic
131361 | Tomb:3   | Noticed a royal mummy
131361 | Tomb:3   | Noticed a royal mummy
131362 | Tomb:3   | Reached skill level 2 in Earth Magic
131363 | Tomb:3   | Reached skill level 3 in Earth Magic
131365 | Tomb:3   | Noticed a royal mummy
131367 | Tomb:3   | Reached skill level 4 in Earth Magic
131372 | Tomb:3   | Found the +7 Singing Sword {vorpal, sonic wave}
131380 | Tomb:3   | Reached skill level 5 in Earth Magic
131392 | Tomb:3   | Killed a royal mummy
131393 | Tomb:3   | Reached skill level 6 in Earth Magic
131400 | Tomb:3   | Noticed a royal mummy
131404 | Tomb:3   | Killed a royal mummy
131405 | Tomb:3   | Reached skill level 7 in Earth Magic
131410 | Tomb:3   | Noticed a royal mummy
131415 | Tomb:3   | Killed a royal mummy
131416 | Tomb:3   | Reached skill level 8 in Earth Magic
131418 | Tomb:3   | Killed a royal mummy
131421 | Tomb:3   | Reached skill level 9 in Earth Magic
131421 | Tomb:3   | Killed a royal mummy
132199 | Depths:1 | Bought a potion of mutation for 400 gold pieces
132199 | Depths:1 | Bought a potion of mutation for 400 gold pieces
132199 | Depths:1 | Bought a potion of mutation for 400 gold pieces
132199 | Depths:1 | Bought a potion of mutation for 400 gold pieces
132199 | Depths:1 | Bought a potion of mutation for 400 gold pieces
132199 | Depths:1 | Bought a potion of mutation for 400 gold pieces
132199 | Depths:1 | Bought a potion of mutation for 400 gold pieces
132199 | Depths:1 | Bought a potion of mutation for 400 gold pieces
132199 | Depths:1 | Bought a potion of mutation for 400 gold pieces
132199 | Depths:1 | Bought a potion of mutation for 400 gold pieces
132541 | Spider:3 | Killed Louise
132591 | Spider:3 | Killed Bai Suzhen
132591 | Spider:3 | Identified +2 storm dragon scales {Bai Suzhen}
132625 | Spider:3 | Reached skill level 10 in Earth Magic
132731 | Spider:3 | Identified the +10 scale mail "Vap Dif" {rElec Str+6} (You
                  | found it on level 3 of the Spider Nest)
132733 | Spider:3 | Lost mutation: Your spells are a little easier to cast, but
                  | a little less powerful. [potion of mutation]
132733 | Spider:3 | Lost mutation: You expend magic power (3 MP) to strengthen
                  | your wands. [potion of mutation]
132733 | Spider:3 | Lost mutation: You are weak. (Str -2) [potion of mutation]
132733 | Spider:3 | Gained mutation: You are clumsy. (Dex -2) [potion of
                  | mutation]
132733 | Spider:3 | Gained mutation: You are strong-willed. (Will+) [potion of
                  | mutation]
133740 | D:5      | Killed anet's ghost
134752 | Tomb:3   | Noticed a royal mummy
134752 | Tomb:3   | Noticed a royal mummy
134755 | Tomb:3   | Noticed a royal mummy
134756 | Tomb:3   | Noticed a royal mummy
134757 | Tomb:3   | Killed a royal mummy
134763 | Tomb:3   | Reached skill level 11 in Earth Magic
134765 | Tomb:3   | Killed a royal mummy
134772 | Tomb:3   | Killed a royal mummy
134775 | Tomb:3   | Killed a royal mummy
134993 | Tomb:3   | Identified the Compendium of Venomous Fire
134996 | Tomb:3   | Got a blackened demon blade
134997 | Tomb:3   | Identified the +6 demon blade of Noon {elec, rElec Will+
                  | MP+9 Stlth-} (You found it on level 3 of the Tomb of the
                  | Ancients)
135003 | Tomb:3   | Got a transparent hat
135004 | Tomb:3   | Identified the -7 hat "Uzaedwaink" {Dex+4} (You found it on
                  | level 3 of the Tomb of the Ancients)
135046 | Tomb:3   | Identified the Tome of Supportive Dislocation
135290 | Tomb:3   | Reached skill level 12 in Earth Magic
135336 | Tomb:3   | Got a golden rune of Zot
135529 | Tomb:3   | Identified the +7 chain mail of Daaqya {rElec rC+} (You
                  | found it on level 3 of the Tomb of the Ancients)
136968 | Zig:1    | Entered Level 1 of a ziggurat
136968 | Zig:1    | Noticed Axteqiu the pandemonium lord
136970 | Zig:1    | Killed Axteqiu the pandemonium lord
136985 | Zig:2    | Entered Level 2 of a ziggurat
136991 | Zig:2    | Reached skill level 7 in Evocations
137008 | Zig:3    | Entered Level 3 of a ziggurat
137119 | Zig:3    | Got a sparkling golden amulet
137131 | Zig:4    | Entered Level 4 of a ziggurat
137138 | Zig:4    | Reached skill level 8 in Evocations
137146 | Zig:4    | Got a warped pewter ring
137148 | Zig:4    | Identified the ring "Xuver" {rN+ Str+3} (You found it on
                  | level 4 of a ziggurat)
137152 | Zig:4    | Identified the amulet "Jiklonal" {RegenMP Will++ Str+7
                  | Stlth-} (You found it on level 3 of a ziggurat)
137281 | Zig:5    | Entered Level 5 of a ziggurat
137665 | Zig:6    | Entered Level 6 of a ziggurat
137676 | Zig:6    | Reached skill level 9 in Evocations
137690 | Zig:6    | Identified the Tome of Creation
137695 | Zig:7    | Entered Level 7 of a ziggurat
137720 | Zig:7    | Reached skill level 10 in Evocations
137911 | Zig:7    | Got a smoking garnet amulet
137912 | Zig:7    | Identified the amulet "Oguim" {rElec Regen+ Str+4 Dex+3}
                  | (You found it on level 7 of a ziggurat)
137944 | Zig:8    | Entered Level 8 of a ziggurat
137960 | Zig:8    | Reached skill level 11 in Evocations
138009 | Zig:9    | Entered Level 9 of a ziggurat
138025 | Zig:9    | Found the +5 robe of Night {Dark Will+ SInv}
138090 | Zig:10   | Entered Level 10 of a ziggurat
138101 | Zig:10   | Reached skill level 12 in Evocations
138147 | Zig:11   | Entered Level 11 of a ziggurat
138164 | Zig:11   | Reached skill level 13 in Evocations
138462 | Zig:11   | Got a distressingly furry cloak
138473 | Zig:11   | Identified the +0 cloak of Lust {rElec rF- rC+ Dex+6} (You
                  | found it on level 11 of a ziggurat)
138516 | Zig:12   | Entered Level 12 of a ziggurat
138527 | Zig:12   | Noticed Exokhy the pandemonium lord
138536 | Zig:12   | Reached skill level 14 in Evocations
138536 | Zig:12   | Killed Exokhy the pandemonium lord
138562 | Zig:12   | Identified the +0 scale mail of the Game of Kings {Dex+5}
                  | (You found it on level 12 of a ziggurat)
138606 | Zig:13   | Entered Level 13 of a ziggurat
138614 | Zig:13   | Noticed a royal mummy
138614 | Zig:13   | Noticed a royal mummy
138617 | Zig:13   | Noticed a royal mummy
138633 | Zig:13   | Killed a royal mummy
138634 | Zig:13   | Killed a royal mummy
138635 | Zig:13   | Reached skill level 15 in Evocations
138635 | Zig:13   | Killed a royal mummy
138650 | Zig:13   | Found the +5 sword of Power {vorpal}
138656 | Zig:13   | Noticed a royal mummy
138743 | Zig:14   | Entered Level 14 of a ziggurat
138759 | Zig:14   | Reached skill level 16 in Evocations
138803 | Zig:14   | Got a bloodstained cloak
138814 | Zig:14   | Identified the +0 cloak "Cotsin" {+Blink rF+ Str+4} (You
                  | found it on level 14 of a ziggurat)
138864 | Zig:15   | Entered Level 15 of a ziggurat
138872 | Zig:15   | Identified a +0 robe of the Archmagi
139032 | Zig:16   | Entered Level 16 of a ziggurat
139054 | Zig:16   | Reached skill level 17 in Evocations
139055 | Zig:16   | Reached skill level 13 in Earth Magic
139063 | Zig:16   | Identified the +0 pair of boots "Wyuwkoof" {+Inv rElec
                  | Int+4} (You found it on level 16 of a ziggurat)
139081 | Zig:16   | Identified the Handbook of Poisonous Transmigration
139134 | Zig:17   | Entered Level 17 of a ziggurat
139140 | Zig:17   | Noticed Faedybiw the pandemonium lord
139143 | Zig:17   | Killed Faedybiw the pandemonium lord
139250 | Zig:17   | Noticed Pyifoc the pandemonium lord
139274 | Zig:17   | Killed Pyifoc the pandemonium lord
139274 | Zig:17   | Noticed Yxkefek the pandemonium lord
139274 | Zig:17   | Noticed Ycerph the pandemonium lord
139276 | Zig:17   | Killed Ycerph the pandemonium lord
139276 | Zig:17   | Noticed Ikhelemaurch the pandemonium lord
139277 | Zig:17   | Reached skill level 6 in Stealth
139279 | Zig:17   | Killed Yxkefek the pandemonium lord
139288 | Zig:17   | Killed Ikhelemaurch the pandemonium lord
139314 | Zig:17   | Noticed Kughis the pandemonium lord
139316 | Zig:17   | Killed Kughis the pandemonium lord
139317 | Zig:17   | Reached skill level 18 in Evocations
139487 | Zig:17   | Identified the Volume of Transmutation and Intoxication
139522 | Zig:18   | Entered Level 18 of a ziggurat
139540 | Zig:18   | Identified a +1 robe of the Archmagi
139544 | Zig:18   | Reached skill level 7 in Stealth
139544 | Zig:18   | Reached skill level 14 in Earth Magic
139546 | Zig:18   | Reached skill level 8 in Stealth
139602 | Zig:18   | Identified the Almanac of Flying Translocation
139655 | Zig:19   | Entered Level 19 of a ziggurat
139675 | Zig:19   | Noticed an ancient lich
139675 | Zig:19   | Noticed an ancient lich
139677 | Zig:19   | Noticed an ancient lich
139683 | Zig:19   | Killed an ancient lich
139683 | Zig:19   | Killed an ancient lich
139684 | Zig:19   | Reached skill level 9 in Stealth
139690 | Zig:19   | Reached skill level 15 in Earth Magic
139690 | Zig:19   | Killed an ancient lich
139699 | Zig:19   | Identified a potion of experience
139704 | Zig:19   | Acquired 1200 gold pieces
139721 | Zig:19   | Got a transparent golden ring
139788 | Zig:19   | Acquired the -1 pair of gloves of Indecent Exposure {rPois
                  | Regen+ Str+5}
139817 | Zig:19   | Identified the +9 ice dragon scales "Vaqurpheu" {-Tele rF-
                  | rC++ Will+++ SInv Stlth-} (You found it on level 19 of a
                  | ziggurat)
139818 | Zig:19   | Identified the ring "Ulimu" {rN+ Dex+4 Slay+2} (You found
                  | it on level 19 of a ziggurat)
139858 | Zig:20   | Entered Level 20 of a ziggurat
139881 | Zig:20   | Reached skill level 10 in Stealth
139885 | Zig:20   | Reached skill level 19 in Evocations
139886 | Zig:20   | Identified quicksilver dragon scales
139886 | Zig:20   | Identified quicksilver dragon scales
139895 | Zig:20   | Identified a +2 robe of the Archmagi
139914 | Zig:20   | Found the +2 robe of Vines {NoPotionHeal Regen+7}
139915 | Zig:20   | Reached skill level 11 in Stealth
140121 | Zig:20   | Got a scorched glass ring
140122 | Zig:20   | Identified the ring of Democracy {+Fly Int+3} (You found it
                  | on level 20 of a ziggurat)
140129 | Zig:20   | Got a pitted golden ring
140206 | Zig:21   | Entered Level 21 of a ziggurat
140226 | Zig:21   | Identified +0 ice dragon scales
140227 | Zig:21   | Reached skill level 16 in Earth Magic
140254 | Zig:21   | Identified the Catalogue of the Beginning
140348 | Zig:22   | Entered Level 22 of a ziggurat
140359 | Zig:22   | Noticed a royal mummy
140361 | Zig:22   | Noticed a royal mummy
140364 | Zig:22   | Noticed a royal mummy
140364 | Zig:22   | Noticed a royal mummy
140364 | Zig:22   | Noticed a royal mummy
140364 | Zig:22   | Noticed a royal mummy
140365 | Zig:22   | Noticed a royal mummy
140366 | Zig:22   | Noticed a royal mummy
140366 | Zig:22   | Noticed a royal mummy
140366 | Zig:22   | Noticed a royal mummy
140366 | Zig:22   | Noticed a royal mummy
140368 | Zig:22   | Killed a royal mummy
140369 | Zig:22   | Noticed a royal mummy
140369 | Zig:22   | Killed a royal mummy
140369 | Zig:22   | Killed a royal mummy
140369 | Zig:22   | Noticed a royal mummy
140369 | Zig:22   | Killed a royal mummy
140370 | Zig:22   | Reached skill level 14 in Dodging
140370 | Zig:22   | Killed a royal mummy
140370 | Zig:22   | Killed a royal mummy
140370 | Zig:22   | Killed a royal mummy
140370 | Zig:22   | Killed a royal mummy
140371 | Zig:22   | Reached skill level 17 in Earth Magic
140372 | Zig:22   | Killed a royal mummy
140372 | Zig:22   | Killed a royal mummy
140373 | Zig:22   | Killed a royal mummy
140374 | Zig:22   | Reached skill level 15 in Dodging
140374 | Zig:22   | Noticed a royal mummy
140374 | Zig:22   | Killed a royal mummy
140374 | Zig:22   | Killed a royal mummy
140379 | Zig:22   | Killed a royal mummy
140472 | Zig:22   | Identified the ring "Bojyeschy" {rPois rC++ Dex+6 Stlth-}
                  | (You found it on level 20 of a ziggurat)
140474 | Zig:22   | Identified the amulet "Agokhep" {Faith rC+ rN+++ Str+4
                  | Dex-3} (You found it on level 22 of a ziggurat)
140477 | Zig:22   | Identified the Handbook of Shifting Stolen Souls
140481 | Zig:22   | Got a scorched lapis lazuli ring
140482 | Zig:22   | Identified the ring of Harmony {Fire Str+2 Int-2 Dex+3}
                  | (You found it on level 22 of a ziggurat)
140492 | Zig:22   | Reached skill level 16 in Dodging
140577 | Zig:23   | Entered Level 23 of a ziggurat
140599 | Zig:23   | Reached skill level 18 in Earth Magic
140600 | Zig:23   | Reached skill level 17 in Dodging
140632 | Zig:23   | Found the +1 cloak of Starlight {*Dazzle EV+4 Stlth--}
140637 | Zig:23   | Identified the Collected Works on Supportive Toxins
140675 | Zig:23   | Identified the Handbook of Gliding Unholy Magic
140772 | Zig:24   | Entered Level 24 of a ziggurat
140793 | Zig:24   | Identified quicksilver dragon scales
140806 | Zig:24   | Reached skill level 18 in Shields
140807 | Zig:24   | Identified a +0 robe of the Archmagi
140819 | Zig:24   | Reached skill level 18 in Dodging
140847 | Zig:24   | Identified Yluicov's Reference Book on Dark Secrets
140850 | Zig:24   | Got a scorched wooden ring
140852 | Zig:24   | Identified the ring of Eggobeiq {Fire Str+3} (You found it
                  | on level 24 of a ziggurat)
140859 | Zig:24   | Got a clouded golden ring
140860 | Zig:24   | Identified the ring of a Million Visions {AC+4 Int+2 Dex+3}
                  | (You found it on level 24 of a ziggurat)
140864 | Zig:24   | Got a crude lapis lazuli ring
140865 | Zig:24   | Identified the ring "Puhyudosh" {Wiz rElec Dex+4} (You
                  | found it on level 24 of a ziggurat)
140987 | Zig:25   | Entered Level 25 of a ziggurat
141005 | Zig:25   | Identified +0 swamp dragon scales
141009 | Zig:25   | Identified +0 gold dragon scales
141019 | Zig:25   | Identified +0 gold dragon scales
141034 | Zig:25   | Identified +0 swamp dragon scales
141035 | Zig:25   | Reached skill level 19 in Shields
141036 | Zig:25   | Identified +0 swamp dragon scales
141048 | Zig:25   | Reached skill level 19 in Dodging
141092 | Zig:25   | Got a vibrating granite ring
141094 | Zig:25   | Identified the Tome of Excruciating Lightness
141097 | Zig:25   | Identified the ring of Osuluoxu {Int+6 Dex+6} (You found it
                  | on level 25 of a ziggurat)
141099 | Zig:25   | Identified the ring of Sutoogroly {*Corrode rF+ Str+6
                  | Slay+3 Stlth+} (You found it on level 25 of a ziggurat)
141175 | Zig:26   | Entered Level 26 of a ziggurat
141206 | Zig:26   | Reached skill level 20 in Shields
141217 | Zig:26   | Found the +12 glaive of Prune {vorpal}
141259 | Zig:26   | Identified the Compendium of Excruciating Evil Magic
141262 | Zig:26   | Got a transparent helmet
141271 | Zig:26   | Identified the ring of Imen {Ice Int+4} (You found it on
                  | level 26 of a ziggurat)
141282 | Zig:26   | Identified the +1 helmet of Theory {rElec Int-2 SInv} (You
                  | found it on level 26 of a ziggurat)
141396 | Zig:27   | Entered Level 27 of a ziggurat
141429 | Zig:27   | Reached skill level 21 in Shields
141430 | Zig:27   | Reached skill level 20 in Dodging
141454 | Zig:27   | Found the ring of the Octopus King
141454 | Zig:27   | Found the +4 dagger "Morg" {pain, Will+ Int+5}
141463 | Zig:27   | Reached skill level 22 in Shields
141465 | Zig:27   | Got a ring of the Octopus King
141466 | Zig:27   | Identified a ring of the Octopus King {AC+1 EV+1 Str+1
                  | Int+1 Dex+1 SInv} (You found it on level 27 of a ziggurat)
141501 | Zig:27   | Identified the ring "Aniph" {Fire rElec rPois Will+++
                  | Stlth-} (You found it on level 27 of a ziggurat)
142794 | Zig:1    | Entered Level 1 of a ziggurat
142809 | Zig:2    | Entered Level 2 of a ziggurat
142821 | Zig:2    | Identified +0 swamp dragon scales
142832 | Zig:3    | Entered Level 3 of a ziggurat
142887 | Zig:4    | Entered Level 4 of a ziggurat
142909 | Zig:4    | Identified the Almanac of the Creative Arsonist
142920 | Zig:5    | Entered Level 5 of a ziggurat
142972 | Zig:6    | Entered Level 6 of a ziggurat
142997 | Zig:6    | Reached skill level 23 in Shields
143008 | Zig:6    | Got a flickering bronze ring
143013 | Zig:6    | Identified the ring "Davvoimu" {Fire +Inv Will+ MP+9} (You
                  | found it on level 6 of a ziggurat)
143042 | Zig:6    | Identified Astrin's Compendium of Shape Shifting
143047 | Zig:7    | Entered Level 7 of a ziggurat
143051 | Zig:7    | Noticed a juggernaut
143052 | Zig:7    | Noticed a juggernaut
143053 | Zig:7    | Killed a juggernaut
143058 | Zig:7    | Killed a juggernaut
143252 | Zig:7    | Acquired a manual of Throwing
143276 | Zig:8    | Entered Level 8 of a ziggurat
143351 | Zig:9    | Entered Level 9 of a ziggurat
143358 | Zig:9    | Noticed a royal mummy
143359 | Zig:9    | Noticed a royal mummy
143363 | Zig:9    | Reached skill level 24 in Shields
143363 | Zig:9    | Noticed a royal mummy
143363 | Zig:9    | Killed a royal mummy
143364 | Zig:9    | Killed a royal mummy
143365 | Zig:9    | Killed a royal mummy
143413 | Zig:10   | Entered Level 10 of a ziggurat
143427 | Zig:10   | Found the +8 autumn katana {vorpal, Clar}
143437 | Zig:10   | Got a pair of ancient gloves
143438 | Zig:10   | Identified the +1 pair of gloves "Cipsosk" {*Slow rElec
                  | rCorr Str+2} (You found it on level 10 of a ziggurat)
143442 | Zig:10   | Identified the +1 ring mail "Baops" {rF+ Will+} (You found
                  | it on level 10 of a ziggurat)
143456 | Zig:10   | Identified the +1 fire dragon scales of Dyosuh {rF++ rC-
                  | rCorr} (You found it on level 10 of a ziggurat)
143492 | Zig:11   | Entered Level 11 of a ziggurat
143505 | Zig:11   | Reached skill level 25 in Shields
143535 | Zig:11   | Identified the Handbook of Earthen Displacement
143542 | Zig:11   | Identified the Reference Book on Toxins and Transformation
143578 | Zig:12   | Entered Level 12 of a ziggurat
143621 | Zig:12   | Identified the Guide on the Damaging Traveller
143623 | Zig:12   | Identified the Volume of Creative Lightness
143697 | Zig:13   | Entered Level 13 of a ziggurat
143710 | Zig:13   | Found the ring of the Mage {Wiz Will++ Int+3}
143719 | Zig:13   | Reached skill level 23 in Spellcasting
143737 | Zig:13   | Identified the Collected Works on Sinister Intoxication
143747 | Zig:13   | Reached skill level 21 in Dodging
143747 | Zig:13   | Reached skill level 19 in Earth Magic
143795 | Zig:14   | Entered Level 14 of a ziggurat
143854 | Zig:14   | Identified the Volume of the Fiery Oath
143920 | Zig:14   | Identified the +1 quick blade of the Land of Plenty {drain,
                  | SInv} (You found it on level 14 of a ziggurat)
143925 | Zig:15   | Entered Level 15 of a ziggurat
143949 | Zig:15   | Identified +0 swamp dragon scales
144002 | Zig:15   | Got a translucent tin ring
144004 | Zig:15   | Identified the ring of the Dropbear {*Drain +Inv rC+ AC+4
                  | Dex+5} (You found it on level 15 of a ziggurat)
144008 | Zig:15   | Got a heavily runed lapis lazuli ring
144009 | Zig:15   | Identified the ring "Haoxt" {Wiz rC+ Str+4} (You found it
                  | on level 15 of a ziggurat)
144014 | Zig:15   | Identified the +8 lajatang of the Little People {venom,
                  | Str+3 Dex+4} (You found it on level 15 of a ziggurat)
144081 | Zig:16   | Entered Level 16 of a ziggurat
144263 | Zig:17   | Entered Level 17 of a ziggurat
144280 | Zig:17   | Reached skill level 20 in Earth Magic
144292 | Zig:17   | Reached skill level 22 in Dodging
144304 | Zig:17   | Reached skill level 24 in Spellcasting
144383 | Zig:17   | Identified the +1 broad axe "Nonuicogg" {holy, rN++ Dex-4}
                  | (You found it on level 17 of a ziggurat)
144465 | Zig:18   | Entered Level 18 of a ziggurat
144582 | Zig:18   | Got a fine copper ring
144584 | Zig:18   | Identified the ring "Iwnuriz" {*Corrode rPois Str+3 Int+6
                  | Dex+5} (You found it on level 18 of a ziggurat)
144589 | Zig:18   | Got a clouded turquoise ring
144590 | Zig:18   | Identified the ring of Lamyass {rElec Str+6} (You found it
                  | on level 18 of a ziggurat)
144595 | Zig:18   | Identified the Almanac of Earthen Flames
144691 | Zig:19   | Entered Level 19 of a ziggurat
144718 | Zig:19   | Reached skill level 23 in Dodging
144722 | Zig:19   | Found the +3 crown of Dyrovepreva {rElec Int+2 SInv}
144732 | Zig:19   | Reached skill level 25 in Spellcasting
145111 | Zig:19   | Identified the Almanac of Creative Dislocation
145118 | Zig:19   | Got a glittering jade ring
145198 | Zig:19   | Identified the ring of the Cicada {rC+ AC+4} (You found it
                  | on level 19 of a ziggurat)
145204 | Zig:20   | Entered Level 20 of a ziggurat
145227 | Zig:20   | Identified +0 swamp dragon scales
145233 | Zig:20   | Identified +0 swamp dragon scales
145252 | Zig:20   | Identified +0 swamp dragon scales
145266 | Zig:20   | Identified +0 gold dragon scales
145267 | Zig:20   | Identified +0 gold dragon scales
145268 | Zig:20   | Identified +0 swamp dragon scales
145303 | Zig:20   | Identified the Collected Works on Unholy Earth
145427 | Zig:21   | Entered Level 21 of a ziggurat
145452 | Zig:21   | Identified +0 ice dragon scales
145453 | Zig:21   | Reached skill level 24 in Dodging
145453 | Zig:21   | Identified +0 ice dragon scales
145455 | Zig:21   | Reached skill level 26 in Spellcasting
145455 | Zig:21   | Found the +7 great mace "Firestarter" {inner flame, rF++}
145474 | Zig:21   | Found the +4 moon troll leather armour {Spirit, Regen++
                  | MP+5}
145600 | Zig:21   | Learned a level 6 spell: Invisibility
145601 | Zig:22   | Entered Level 22 of a ziggurat
145622 | Zig:22   | Identified +0 swamp dragon scales
145623 | Zig:22   | Reached skill level 6 in Hexes
145625 | Zig:22   | Identified +0 gold dragon scales
145629 | Zig:22   | Identified +0 swamp dragon scales
145631 | Zig:22   | Identified +0 gold dragon scales
145635 | Zig:22   | Reached skill level 7 in Hexes
145649 | Zig:22   | Identified +0 swamp dragon scales
145650 | Zig:22   | Identified +0 gold dragon scales
145650 | Zig:22   | Identified +0 swamp dragon scales
145651 | Zig:22   | Reached skill level 8 in Hexes
145665 | Zig:22   | Found the +8 frozen axe "Frostbite" {freezing cloud, *Noise
                  | +Fly rC+}
145670 | Zig:22   | Got a serpentine garnet amulet
145671 | Zig:22   | Identified the amulet of Tozurat {Reflect rN++ Int+2 SH+5}
                  | (You found it on level 22 of a ziggurat)
145680 | Zig:22   | Got a pitted bronze ring
145682 | Zig:22   | Identified the ring of the Madman {Ice +Blink +Fly Dex-3
                  | Stlth+} (You found it on level 22 of a ziggurat)
145692 | Zig:22   | Identified the +1 plate armour of Soifaokow {rF+ rC+ Will+
                  | Int+3} (You found it on level 22 of a ziggurat)
145707 | Zig:22   | Identified the Volume of Transmigration and Confrontation
145715 | Zig:22   | Reached skill level 25 in Dodging
145715 | Zig:22   | Reached skill level 9 in Hexes
145851 | Zig:23   | Entered Level 23 of a ziggurat
145867 | Zig:23   | Noticed an ancient lich
145868 | Zig:23   | Noticed an ancient lich
145869 | Zig:23   | Reached skill level 10 in Hexes
145870 | Zig:23   | Noticed an ancient lich
145870 | Zig:23   | Identified a +2 robe of the Archmagi
145872 | Zig:23   | Killed an ancient lich
145873 | Zig:23   | Killed an ancient lich
145874 | Zig:23   | Noticed an ancient lich
145874 | Zig:23   | Killed an ancient lich
145875 | Zig:23   | Reached skill level 27 in Spellcasting
145878 | Zig:23   | Killed an ancient lich
145885 | Zig:23   | Found the +2 ratskin cloak {*Rats rPois rN+ Str-1 Int-1
                  | Dex+1}
146064 | Zig:23   | Reached skill level 26 in Dodging
146333 | Zig:24   | Entered Level 24 of a ziggurat
146369 | Zig:24   | Reached skill level 27 in Dodging
146403 | Zig:24   | Identified Cyuptue's Incunabulum of Enchantment
146407 | Zig:24   | Identified the +0 pair of boots of Fuppod {Will+ Regen+
                  | Str+4} (You found it on level 24 of a ziggurat)
146416 | Zig:24   | Got a coiled bronze ring
146419 | Zig:24   | Identified the ring "Havaudetosk" {rF+ Will+ MP+9 EV+4
                  | Str+4} (You found it on level 24 of a ziggurat)
146672 | Zig:25   | Entered Level 25 of a ziggurat
146693 | Zig:25   | Paralysed by a floating eye for 3 turns
146732 | Zig:25   | Reached skill level 24 in Fighting
146993 | Zig:25   | Reached skill level 25 in Fighting
147001 | Zig:25   | Identified the Disquisition on Shifting Stolen Souls
147110 | Zig:26   | Entered Level 26 of a ziggurat
147145 | Zig:26   | Reached skill level 26 in Fighting
147145 | Zig:26   | Noticed Sohim the pandemonium lord
147167 | Zig:26   | Killed Sohim the pandemonium lord
147177 | Zig:26   | Identified +1 ice dragon scales
147275 | Zig:26   | Identified the Tome of the Postmodern Nights
147277 | Zig:26   | Identified the Grimoire of the Foremost Friends
147280 | Zig:26   | Identified the Catalogue of Curses and Creation
147297 | Zig:26   | Got an ancient copper ring
147298 | Zig:26   | Identified the ring of Rymoanus {Wiz rC+ rN+} (You found it
                  | on level 26 of a ziggurat)
147496 | Zig:27   | Entered Level 27 of a ziggurat
147518 | Zig:27   | Reached skill level 27 in Fighting
147519 | Zig:27   | Identified quicksilver dragon scales
147519 | Zig:27   | Identified quicksilver dragon scales
147529 | Zig:27   | Reached skill level 22 in Necromancy
147542 | Zig:27   | Identified quicksilver dragon scales
147553 | Zig:27   | Reached skill level 23 in Necromancy
147554 | Zig:27   | Identified quicksilver dragon scales
147567 | Zig:27   | Noticed a dread lich
147572 | Zig:27   | Killed a dread lich
147675 | Zig:27   | Got a slimy iron amulet
147679 | Zig:27   | Identified the +1 plate armour of Tartarus {Harm +Inv} (You
                  | found it on level 27 of a ziggurat)
147681 | Zig:27   | Got a heavily runed steel amulet
147682 | Zig:27   | Identified the amulet "Hotunagg" {RegenMP Int+2} (You found
                  | it on level 27 of a ziggurat)
147713 | Zig:27   | Identified the ring of Gafaar {+Fly rC+ rN++} (You found it
                  | on level 27 of a ziggurat)
147933 | Lair:2   | Identified the amulet of Peace {Spirit +Blink rC+} (You
                  | found it on level 27 of a ziggurat)
148317 | Depths:1 | Voluntarily entered the Abyss.
148539 | Abyss:2  | Reached skill level 24 in Necromancy
148574 | Abyss:2  | Found a corrupted altar of Lugonu.
148983 | Abyss:4  | Found a corrupted altar of Lugonu.
148995 | Abyss:5  | Entered Level 5 of the Abyss
148996 | Abyss:5  | Found a corrupted altar of Lugonu.
149214 | Depths:1 | Escaped the Abyss
149568 | Vaults:5 | Bought a potion of magic for 88 gold pieces
149568 | Vaults:5 | Bought a potion of haste for 110 gold pieces
149568 | Vaults:5 | Bought a potion of curing for 33 gold pieces
149568 | Vaults:5 | Bought a potion of curing for 33 gold pieces
149568 | Vaults:5 | Bought a potion of attraction for 33 gold pieces
149568 | Vaults:5 | Bought a potion of curing for 33 gold pieces
149568 | Vaults:5 | Bought a potion of cancellation for 88 gold pieces
149568 | Vaults:5 | Bought a potion of magic for 88 gold pieces
149568 | Vaults:5 | Bought a potion of invisibility for 88 gold pieces
149937 | Orc:2    | Bought a potion of flight for 84 gold pieces
149937 | Orc:2    | Bought a potion of curing for 84 gold pieces
150076 | D:10     | Bought a scroll of noise for 11 gold pieces
150076 | D:10     | Bought a scroll of identify for 22 gold pieces
150076 | D:10     | Bought a scroll of removedness for 1 gold piece
150076 | D:10     | Bought a scroll of magic mapping for 38 gold pieces
150076 | D:10     | Bought a scroll of identify for 22 gold pieces
150076 | D:10     | Bought a scroll of enchant weapon for 82 gold pieces
150076 | D:10     | Bought a scroll of identify for 22 gold pieces
150076 | D:10     | Bought a scroll of identify for 22 gold pieces
150344 | Vaults:5 | Bought a scroll of amnesia for 66 gold pieces
150344 | Vaults:5 | Bought a scroll of removedness for 1 gold piece
150344 | Vaults:5 | Bought a scroll of removedness for 1 gold piece
150344 | Vaults:5 | Bought a scroll of amnesia for 66 gold pieces
150344 | Vaults:5 | Bought a scroll of removedness for 1 gold piece
150344 | Vaults:5 | Bought a scroll of brand weapon for 380 gold pieces
150344 | Vaults:5 | Bought a scroll of amnesia for 66 gold pieces
150344 | Vaults:5 | Bought a scroll of torment for 142 gold pieces
151173 | Zot:5    | Got the Orb of Zot
151222 | Zot:4    | Noticed Zettuopn the pandemonium lord
151231 | Zot:4    | Killed Zettuopn the pandemonium lord
151232 | Zot:4    | Reached skill level 25 in Necromancy
151422 | Depths:5 | Noticed Miyxka Zeus the pandemonium lord
151431 | Depths:5 | Killed Miyxka Zeus the pandemonium lord
151536 | Depths:1 | Noticed Ihio the pandemonium lord
151542 | Depths:1 | Killed Ihio the pandemonium lord
151827 | D:2      | Reached skill level 26 in Necromancy
151871 | D:$      | Escaped with the Orb!

Vanquished Creatures
  Cerebov (Pan)
  Asmodeus (Geh:7)
  Antaeus (Coc:7)
  the Royal Jelly (Slime:5)
  Dissolution (Slime:3)
  Ereshkigal (Tar:7)
  Gloorx Vloq (Pan)
  Mnoleg (Pan)
  Lom Lobon (Pan)
  Dispater (Dis:7)
  8 dread liches
  12 ancient liches
  The ghost of anything the Hill Orc Barricade, a master HOMo of Beogh (Zot:3)
  4 juggernauts
  Mennas (Depths:5)
  3 orbs of fire (Zot:5)
  52 royal mummies
  9 Killer Klowns
  Bai Suzhen (Spider:3)
  The ghost of Onnuy the Executioner, a veteran DsBe of Vehumet (Depths:5)
  The ghost of Onnuy the Executioner, a veteran DsBe of Vehumet (Depths:5)
  The ghost of Onnuy the Executioner, a veteran DsBe of Vehumet (Depths:5)
  5 caustic shrikes
  The ghost of Ongus the Brawler, a veteran TrEE of Sif Muna (Depths:5)
  The ghost of Vuurchuto the Gnoll Aeon, a veteran GnTm of Cheibriados (Depths:4)
  35 pandemonium lords
  24 shard shrikes
  2 curse toes
  27 golden dragons
  Geryon (Hell)
  Nikola (Swamp:3)
  A profane servitor (Abyss:4)
  The ghost of Ettaih the Phalangite, a veteran DsIE of Sif Muna (Depths:5)
  Arachne (Spider:3)
  10 bone dragons
  Jory (Vaults:3)
  4 electric golems
  48 Tzitzimimeh
  16 iron giants
  49 Brimstone Fiends
  36 Ice Fiends
  9 doom hounds
  40 Hell Sentinels
  6 hellephants
  The ghost of Jagh the Gelid, an adept PaDe of Cheibriados (Depths:5)
  Asterion (Spider:3)
  27 Orb Guardians
  10 titans
  19 liches
  40 tentacled monstrosities
  14 deep elf master archers
  23 quicksilver dragons
  14 deep elf blademasters
  17 ancient champions
  An eldritch tentacle (Pan)
  64 acid blobs
  46 Executioners
  7 death cobs
  6 tentacled starspawn
  Kirke (Spider:4)
  16 sphinxes
  A shadow dragon (shapeshifter) (Zig:17)
  Roxanne (Swamp:3)
  5 thorn hunters
  An azure jelly (shapeshifter) (Zig:17)
  21 shadow dragons
  The ghost of Tacsoot the Fencer, an adept DrGl of Ashenzari (Depths:4)
  5 fenstrider witches
  24 azure jellies
  14 storm dragons
  Donald (Vaults:4)
  15 frost giants
  11 tengu reavers
  The ghost of Weosew the Spear-Bearer, an adept DsVM of Gozag (Depths:5)
  A daeva (Abyss:5)
  104 nagarajas
  11 fire giants
  12 draconian monks
  19 draconian knights
  Aizul (Swamp:3)
  20 emperor scorpions
  7 juggernaut zombies
  15 iron dragons
  14 deep elf sorcerers
  38 ghost moths
  8 revenants
  20 vault wardens
  The ghost of Beaer the Covert, an adept VSBr of Okawaru (Swamp:3)
  76 balrugs
  10 draconian scorchers
  A frost giant (shapeshifter) (Zig:17)
  16 orc warlords
  3 angels
  The ghost of Rithrew the Carver, a journeyman DsFi of Okawaru (Spider:4)
  7 curse skulls
  21 warmongers
  Louise (Spider:3)
  2 caustic shrike zombies
  A draconian stormcaller (Zig:6)
  43 cacodemons
  11 draconian shifters
  10 deep elf elementalists
  2 elemental wellsprings (Coc:7)
  A juggernaut skeleton (Zig:21)
  104 reapers
  33 war gargoyles
  18 ironheart preservers
  23 ghouls
  4 spriggan defenders
  A very ugly thing (shapeshifter) (Zig:17)
  17 draconian annihilators
  29 stone giants
  16 corrupters
  31 blood saints
  15 vampire knights
  16 green draconians
  A stone giant (shapeshifter) (Zig:17)
  21 very ugly things
  4 caustic shrike skeletons
  Nessos (D:14)
  Azrael (Orc:2)
  20 black suns
  24 deep elf demonologists
  12 bennus
  34 entropy weavers
  13 yellow draconians
  23 lorocyprocas
  The ghost of Dolimn the Spear-Bearer, a journeyman DgFi (D:15)
  35 deep elf annihilators
  A minotaur (Gauntlet)
  18 purple draconians
  14 black draconians
  An entropy weaver (shapeshifter) (Zig:24)
  13 dire elephants
  12 red draconians
  17 spark wasps
  20 bunyips
  21 white draconians
  An eleionoma (shapeshifter) (Vaults:1)
  9 eleionomae
  14 merfolk javelineers
  25 ettins
  14 deep elf high priests
  10 fire dragons
  5 quicksilver dragon zombies
  6 eidola
  44 green deaths
  8 deep elf death magi
  13 death oozes
  34 mummy priests
  14 great orbs of eyes
  68 blizzard demons
  15 shambling mangroves
  21 jiangshi
  15 merfolk impalers
  Josephine (Orc:1)
  13 yaktaur captains
  A hydra (shapeshifter) (Zig:17)
  8 rakshasas
  A kraken zombie (Coc:7)
  The ghost of Zamiunan the Grappler, a journeyman GrMo of Okawaru (Lair:4)
  Erolcha (Orc:1)
  12 hell beasts
  3 juggernaut simulacra
  6 quicksilver dragon skeletons
  23 ice dragons
  34 vault guards
  A caustic shrike simulacrum (Zig:21)
  18 naga warriors
  19 ogre magi
  14 boulder beetles
  51 hydras
  20 monstrous demonspawn
  7 spriggan air magi
  5 death knights
  5 ghost crabs
  4 catoblepae
  2 alligator snapping turtles (shapeshifter)
  3 merfolk avatars
  7 centaur warriors
  A satyr (shapeshifter) (Zig:3)
  41 two-headed ogres
  13 deep troll earth magi
  4 alligator snapping turtles
  27 death scarabs
  A satyr (Zig:27)
  19 anacondas
  8 titan zombies
  10 merfolk aquamancers
  36 hell hogs
  19 vampire magi
  9 tengu warriors
  7 spriggan berserkers
  9 thrashing horrors
  12 orc high priests
  9 alligators
  13 death yaks
  12 deep troll shamans
  39 dancing weapons
  97 soul eaters
  33 shock serpents
  40 naga sharpshooters
  14 iron golems
  175 sun demons
  7 storm dragon zombies
  35 hell knights
  7 titan skeletons
  27 spriggans
  7 wretched stars
  11 goliath frogs
  32 deep elf knights
  19 iron trolls
  54 sixfirhies
  2 spark wasp zombies
  125 skeletal warriors
  4 spatial maelstroms
  10 glowing orange brains
  12 shadow wraiths
  12 golden dragon zombies
  10 storm dragon skeletons
  3 ghost moth zombies
  13 salamander mystics
  27 death drakes
  18 sea snakes
  5 unseen horrors
  25 gelid demonspawn
  17 infernal demonspawn
  13 anaconda zombies
  A bunyip zombie (Crypt:2)
  14 spriggan druids
  A cherub (Pan)
  44 shadow demons
  28 flayed ghosts
  A glowing orange brain (shapeshifter) (Vaults:5)
  2 lindwurms (shapeshifter)
  20 torturous demonspawn
  21 ironbrand convokers
  11 shadow dragon zombies
  A swamp dragon (shapeshifter) (Depths:5)
  7 tengu zombies
  5 anaconda skeletons
  8 lindwurms
  18 necromancers
  16 wizards
  8 golden dragon skeletons
  40 swamp dragons
  30 harpies
  18 naga ritualists
  Pikel (D:4)
  4 obsidian statues
  7 bog bodies
  31 phantasmal warriors
  19 deep trolls
  26 deep elf archers
  A harpy (shapeshifter) (Vaults:1)
  42 deep elf zephyrmancers
  4 orange crystal statues
  11 wolf spider zombies
  45 deep elf pyromancers
  16 orc knights
  47 orb spiders
  6 iron dragon zombies
  An orb spider (shapeshifter) (Vaults:5)
  14 mana vipers
  16 frost giant zombies
  4 shadow dragon skeletons
  A tengu skeleton (Zig:22)
  20 orc sorcerers
  A manticore (shapeshifter) (D:13)
  43 ugly things
  A sphinx zombie (Zig:14)
  55 wolf spiders
  9 stone giant zombies
  2 moths of wrath (shapeshifter)
  22 shining eyes
  6 oklob plants
  A shining eye (shapeshifter) (Vaults:5)
  11 fire giant zombies
  7 iron dragon skeletons
  12 manticores
  72 large abominations
  2 worldbinders
  An elephant (shapeshifter) (Zig:19)
  9 fire giant skeletons
  15 elephants
  45 moths of wrath
  12 salamanders
  6 merfolk sirens
  18 cyclopes
  11 will-o-the-wisps
  7 stone giant skeletons
  6 apocalypse crabs
  A faun (shapeshifter) (Vaults:5)
  11 frost giant skeletons
  A black mamba (shapeshifter) (Depths:3)
  5 dire elephant zombies
  A shock serpent zombie (Geh:4)
  25 vault sentinels
  30 naga magi
  72 black mambas
  8 ice statues
  103 smoke demons
  10 molten gargoyles
  5 titan simulacra
  12 eyes of devastation
  49 rust devils
  10 gargoyles
  25 torpor snails
  11 water nymphs
  4 rime drakes
  A cane toad (shapeshifter) (Vaults:2)
  60 orange demons
  35 guardian serpents
  25 cane toads
  47 hellions
  5 dire elephant skeletons
  A swamp worm zombie (Crypt:1)
  2 shock serpent skeletons
  6 storm dragon simulacra
  4 human zombies
  32 yaktaurs
  5 emperor scorpion zombies
  6 spriggan zombies
  A spark wasp simulacrum (Zig:13)
  8 kobold demonologists
  2 minotaur zombies (Gauntlet)
  5 anaconda simulacra
  A rime drake (shapeshifter) (Depths:2)
  74 ice devils
  A komodo dragon (shapeshifter) (D:15)
  80 demonic crawlers
  57 freezing wraiths
  37 hellwings
  79 tormentors
  An elf (Depths:1)
  10 komodo dragons
  A sea snake skeleton (Crypt:2)
  12 hydra zombies
  97 red devils
  22 efreet
  6 elf skeletons
  2 minotaur skeletons
  3 polar bears
  6 tengu conjurers
  A catoblepas skeleton (Coc:7)
  7 ancient zymes
  8 silent spectres
  71 guardian mummies
  57 jumping spiders
  6 meliai
  4 bloated husks
  A merfolk (shapeshifter) (Vaults:5)
  A queen bee (Spider:3)
  55 hornets
  A tengu simulacrum (Zig:21)
  A polar bear (shapeshifter) (Zig:17)
  11 tyrant leeches
  7 wind drakes
  15 trolls
  A golden dragon simulacrum (Zig:21)
  4 harpy zombies
  3 hydra skeletons
  3 meliai (shapeshifter)
  45 merfolk
  Grinder (D:5)
  25 blink frogs
  3 sphinx simulacra (Zig:21)
  A fire giant simulacrum (Vaults:3)
  157 slime creatures
  2 ettin zombies
  A blink frog (shapeshifter) (Elf:3)
  3 harpy skeletons
  7 fire dragon zombies
  20 raiju
  A stone giant simulacrum (Tar:2)
  A dream sheep (shapeshifter) (Zig:19)
  9 snapping turtles
  7 ice dragon zombies
  7 alligator zombies
  4 dream sheep (Lair:6)
  A frost giant simulacrum (Zig:13)
  4 black mamba zombies
  11 elf zombies
  157 flying skulls
  49 tarantellas
  84 redbacks
  10 ettin skeletons
  6 air elementals
  5 wyverns
  7 ice dragon skeletons
  A spriggan simulacrum (Zig:22)
  5 fire dragon skeletons
  24 starcursed masses
  60 shadows
  7 vampires
  85 ynoxinuls
  24 water elementals
  4 black mamba skeletons
  2 fire bats (Zig:22)
  4 alligator skeletons
  31 ushabtiu
  A golden eye (shapeshifter) (Vaults:5)
  A steam dragon (shapeshifter) (Zig:23)
  A steam dragon (Lair:3)
  52 wraiths
  70 yaks
  2 humans (Depths:1)
  9 basilisks
  11 small abominations
  26 fire elementals
  A human simulacrum (Vaults:2)
  70 neqoxecs
  24 golden eyes
  18 vampire mosquitoes
  68 chaos spawn
  A catoblepas simulacrum (Crypt:2)
  10 spatial vortices
  A soldier ant (shapeshifter) (Vaults:5)
  An acid dragon (Vaults:2)
  34 nagas
  17 wargs
  21 swamp worms
  2 hydra simulacra (Coc:7)
  26 water moccasins
  A merfolk skeleton (Tar:2)
  4 floating eyes
  82 hell hounds
  72 orc warriors
  5 cane toad zombies
  3 sky beasts
  6 swamp drakes
  5 cane toad skeletons
  A hornet zombie (D:7)
  A black bear (shapeshifter) (Vaults:4)
  10 snapping turtle zombies
  An ice dragon simulacrum (Coc:7)
  29 eyes of draining
  18 ice beasts
  47 necrophages
  37 wolves
  49 ogres
  A swamp dragon zombie (Tar:3)
  A black mamba simulacrum (Crypt:1)
  A lindwurm zombie (Crypt:1)
  An eye of draining (shapeshifter) (Depths:1)
  6 snapping turtle skeletons
  11 boggarts
  2 manticore zombies (Dis:7)
  4 black bears
  16 centaurs
  4 swamp dragon skeletons
  6 lemures (Depths:1)
  A lindwurm skeleton (Crypt:2)
  A manticore skeleton (Geh:4)
  5 elf simulacra
  13 phantoms
  A yaktaur zombie (Crypt:2)
  3 kobold brigands
  A palentonga zombie (Crypt:1)
  2 gnoll sergeants
  19 bullfrogs
  12 earth elementals
  A wyvern zombie (D:10)
  A merfolk simulacrum (Coc:7)
  2 spectral wargs (Depths:1)
  A yaktaur skeleton (Crypt:1)
  A troll zombie (Tar:4)
  14 killer bees
  A snapping turtle simulacrum (Coc:7)
  A spectral wolf (Depths:3)
  98 wights
  A jelly (D:15)
  2 spriggan skeletons
  2 electric eels
  2 howler monkeys
  21 crimson imps
  5 bullfrog zombies
  3 centaur zombies
  A lava snake (Zig:22)
  3 quasits
  7 hounds
  A bullfrog skeleton (D:5)
  A gnoll shaman (Zig:12)
  27 orc priests
  A human skeleton (Pan)
  6 centaur skeletons
  46 iron imps
  A basilisk skeleton (Crypt:1)
  38 orc wizards
  6 iguanas
  8 hell rats
  6 worker ants
  The ghost of anet the Covert, a weakling GnDe (D:5)
  3 naga skeletons
  A hound zombie (D:6)
  A hound skeleton (D:4)
  2 worker ant zombies
  102 mummies
  12 adders
  9 gnolls
  A river rat (D:5)
  A scorpion zombie (Crypt:2)
  22 shadow imps
  A steam dragon skeleton (Crypt:2)
  25 white imps
  4 ufetubi
  An adder zombie (D:5)
  An adder skeleton (Crypt:1)
  A lava snake skeleton (Crypt:1)
  5 worms
  4 dart slugs
  3 leopard geckos
  101 orcs
  4 ball pythons
  8 bats
  6 giant cockroaches
  6 goblins
  7 hobgoblins
  9 jackals
  7 quokkas
  4 frilled lizards
  A goblin zombie (Crypt:2)
  26 kobolds
  An orc zombie (Tar:7)
  A quokka skeleton (D:4)
  9 rats
  A ball lightning (Pan)
  53 blocks of ice
  60 briar patches
  A bush (Depths:1)
  2 foxfires (Swamp:4)
  2 lurking horrors
  9 starspawn tentacles
  2 tentacles (Coc:7)
8651 creatures vanquished.

Vanquished Creatures (collateral kills)
  A vampire (D:10)
  A vampire mosquito (D:10)
2 creatures vanquished.

Vanquished Creatures (others)
  A Tzitzimitl (Zig:26)
  A tentacled monstrosity (Zig:15)
  A deep elf blademaster (Zig:23)
  A quicksilver dragon (Zig:27)
  An eldritch tentacle (Zot:3)
  A nagaraja (Zig:27)
  A fire giant (Geh:7)
  A cacodemon (Zig:26)
  A draconian shifter (Zot:3)
  A draconian annihilator (Zig:23)
  2 elemental wellsprings (Coc:7)
  A white draconian (Zig:8)
  A deep elf annihilator (Vaults:1)
  2 blizzard demons
  An eleionoma (Swamp:3)
  A green death (Zig:25)
  An anaconda (Zig:27)
  2 dancing weapons
  An alligator snapping turtle (shapeshifter) (Zig:17)
  A two-headed ogre (Vaults:4)
  A death yak (Zig:23)
  A deep troll earth mage (Vaults:1)
  A hell hog (Geh:7)
  A soul eater (Zig:26)
  A shock serpent (Zig:27)
  A spriggan (Zig:25)
  A goliath frog (Zig:20)
  A sea snake (Zig:16)
  A death drake (Zig:22)
  A harpy (Zig:27)
  An orb spider (Spider:4)
  2 deep elf zephyrmancers
  A manticore (Zig:27)
  A wolf spider (Spider:2)
  A moth of wrath (Zot:3)
  A rust devil (Hell)
  A naga mage (Zig:15)
  3 smoke demons
  A hellwing (Pan)
  A rime drake (Zig:21)
  A merfolk (Zig:27)
  A hornet (Zig:25)
  2 bloated husks
  A wind drake (Depths:5)
  A shadow (Geh:1)
  An air elemental (Elf:3)
  4 humans (Spider:4)
  A wraith (Geh:7)
  2 golden eyes (Abyss:5)
  A neqoxec (Pan)
  A chaos spawn (Pan)
  A naga (Zig:15)
  2 hell hounds (Geh:7)
  A swamp drake (Zig:20)
  A boggart (Vaults:2)
  A wolf (Depths:3)
  2 wights
  An orc priest (Orc:2)
  4 ball lightnings (Pan)
  152 blocks of ice
  10 briar patches
  64 foxfires
  47 fungi
  2 lurking horrors (Abyss:5)
  151 plants
  13 starspawn tentacles
  2 tentacles (Coc:7)
  12 withered plants
528 creatures vanquished.

Grand Total: 9181 creatures vanquished
